Workbook
Name _44__REAL._ACUM.: OFFSET(#REF!,,,1,MATCH(#REF!,#REF!,1))
Name _Ano1: #REF!
Name _Ano2: #REF!
Name _bbb1: [1]!Macro1
Name _bbb1: [1]!Macro1
Name _bbb3: [1]!Macro3
Name _bbb3: [1]!Macro3
Name _BBB4: #REF!
Name _BBB5: #REF!
Name _BBB6: '[1]#REF'!$A$1:$U$38
Name _gdp85: #REF!
Name _gdp86: #REF!
Name _gdp87: #REF!
Name _gdp88: #REF!
Name _gdp89: #REF!
Name _gdp90: #REF!
Name _gdp91: #REF!
Name _gdp92: #REF!
Name _gdp93: #REF!
Name _gdp94: #REF!
Name _gdp95: #REF!
Name _gdp96: #REF!
Name _gdp97: #REF!
Name _gdp98: [2]GDP!$Q$32
Name _gdp99: [2]GDP!$R$32
Name _GRP1: #REF!
Name _GRP2: #REF!
Name _GRP3: #REF!
Name _ORC98: #REF!
Name _pA5: [3]!_xlbgnm.pA5
Name _pA5: [3]!_xlbgnm.pA5
Name _pA6: [3]!_xlbgnm.pA6
Name _pA6: [3]!_xlbgnm.pA6
Name _pC5: [3]!_xlbgnm.pC5
Name _pC5: [3]!_xlbgnm.pC5
Name _R3G_Investimento: [4]!_R3G_Investimento
Name _TVP1: #REF!
Name _TVP2: #REF!
Name _Ver1: #REF!
Name _Ver2: #REF!
Name aaa: [4]!aaa
Name ACU: [4]!ACU
Name ACUMLU2: [4]!ACUMLU2
Name Acumul: [4]!Acumul
Name Acumula: [4]!Acumula
Name Acumulado: #REF!
Name Ad.Física: Plan1
Name Ad.Física: Plan1
Name ADAJHDAS: [5]!Macro1
Name adas: [6]!BALANCO
Name adas: [6]!BALANCO
Name ADDED: [4]!ADDED
Name AderênciaFísica: #REF!
Name aliq_ir_antes: #REF!
Name aliq_ir_depois: #REF!
Name amort: #REF!
Name Ampliação_do_Pátio_Intermediário_da_Torre_D___Tubarão: #REF!
Name ana: #REF!
Name Ano: #REF!
Name Ano_Inicial: [7]Inputs!$C$32

Sheet Orçamento Sintético
C1: PREFEITURA MUNICIPAL DE NOVA SERRANA ESTADO DE MINAS GERAIS CNPJ/MF N° 18.291.385/0001-59
A2: Obra | D2: Bancos | G2: B.D.I. | I2: Encargos Sociais
A3: CONSTRUÇÃO DE UNIDADE DE ATENÇÃO ESPECIALIZADA EM SAÚDE | D3: SINAPI - 06/2026 - Minas Gerais SBC - 07/2026 - Minas Gerais SICRO3 - 04/2026 - Minas Gerais | G3: 27,54% | I3: Desonerado: embutido nos preços unitário dos insumos de mão de obra, de acordo com as bases.
A4: Orçamento Sintético
H5: Valor Final do Orçamento | I5: 2402928.2
H6: BDI | J6: 0.2754
A7: Item | B7: Código | C7: Banco | D7: Descrição | E7: Und | F7: Quant. | G7: Valor Unit | H7: Valor Unit com BDI | I7: Total | J7: Peso (%)
A8: 1 | D8: SERVIÇOS PRELIMINARES E ADMINISTRAÇÃO LOCAL | F8: 1 | H8: =I9 + I11 -> 114993.74 | I8: =TRUNC(F8 * H8,2) -> 114993.74 | J8: =I8 / I5 -> 0.04785567
A9: 1.1 | D9: MOBILICAÇÃO E CANTEIRO DE OBRAS | F9: 1 | H9: =I10 -> 2189.56 | I9: =TRUNC(F9 * H9,2) -> 2189.56 | J9: =I9 / I5 -> 0.00091120491
A10: 1.1.1 | B10: 103689 | C10: SINAPI | D10: FORNECIMENTO E INSTALAÇÃO DE PLACA DE OBRA COM CHAPA GALVANIZADA E ESTRUTURA DE MADEIRA. AF_03/2022_PS | E10: m² | F10: 4.5 | G10: 381.51 | H10: =TRUNC(TRUNC(G10 * J6, 2) + G10, 2) -> 486.57 | I10: =TRUNC(F10 * H10,2) -> 2189.56 | J10: =I10 / I5 -> 0.00091120491
A11: 1.2 | D11: ADMINISTRAÇÃO | F11: 1 | H11: =I12 + I13 -> 112804.18 | I11: =TRUNC(F11 * H11,2) -> 112804.18 | J11: =I11 / I5 -> 0.046944465
A12: 1.2.1 | B12: 00002706 | C12: SINAPI | D12: ENGENHEIRO CIVIL DE OBRA JUNIOR (HORISTA) | E12: H | F12: 222 | G12: 125.46 | H12: =TRUNC(TRUNC(G12 * J6, 2) + G12, 2) -> 160.01 | I12: =TRUNC(F12 * H12,2) -> 35522.22 | J12: =I12 / I5 -> 0.014782888
A13: 1.2.2 | B13: 00040818 | C13: SINAPI | D13: ENCARREGADO GERAL DE OBRAS (MENSALISTA) | E13: MES | F13: 7 | G13: 8656.33 | H13: =TRUNC(TRUNC(G13 * J6, 2) + G13, 2) -> 11040.28 | I13: =TRUNC(F13 * H13,2) -> 77281.96 | J13: =I13 / I5 -> 0.032161576
A14: 2 | D14: PLATIBANDA | F14: 1 | H14: =I15 + I20 -> 27668.53 | I14: =TRUNC(F14 * H14,2) -> 27668.53 | J14: =I14 / I5 -> 0.011514505
A15: 2.1 | D15: PILARES- PLATIBANDA | F15: 1 | H15: =I16 + I17 + I18 + I19 -> 11433.82 | I15: =TRUNC(F15 * H15,2) -> 11433.82 | J15: =I15 / I5 -> 0.0047582861
A16: 2.1.1 | B16: 92431 | C16: SINAPI | D16: MONTAGEM E DESMONTAGEM DE FÔRMA DE PILARES RETANGULARES E ESTRUTURAS SIMILARES, PÉ-DIREITO SIMPLES, EM CHAPA DE MADEIRA COMPENSADA PLASTIFICADA, 10 UTILIZAÇÕES. AF_09/2020 | E16: m² | F16: 57.3 | G16: 63.11 | H16: =TRUNC(TRUNC(G16 * J6, 2) + G16, 2) -> 80.49 | I16: =TRUNC(F16 * H16,2) -> 4612.07 | J16: =I16 / I5 -> 0.001919354
A17: 2.1.2 | B17: 92759 | C17: SINAPI | D17: ARMAÇÃO DE PILAR OU VIGA DE ESTRUTURA CONVENCIONAL DE CONCRETO ARMADO UTILIZANDO AÇO CA-60 DE 5,0 MM - MONTAGEM. AF_06/2022 | E17: KG | F17: 69 | G17: 13.54 | H17: =TRUNC(TRUNC(G17 * J6, 2) + G17, 2) -> 17.26 | I17: =TRUNC(F17 * H17,2) -> 1190.94 | J17: =I17 / I5 -> 0.0004956203
A18: 2.1.3 | B18: 92762 | C18: SINAPI | D18: ARMAÇÃO DE PILAR OU VIGA DE ESTRUTURA CONVENCIONAL DE CONCRETO ARMADO UTILIZANDO AÇO CA-50 DE 10,0 MM - MONTAGEM. AF_06/2022 | E18: KG | F18: 167.5 | G18: 9.87 | H18: =TRUNC(TRUNC(G18 * J6, 2) + G18, 2) -> 12.58 | I18: =TRUNC(F18 * H18,2) -> 2107.15 | J18: =I18 / I5 -> 0.00087690925
A19: 2.1.4 | B19: 103669 | C19: SINAPI | D19: CONCRETAGEM DE PILARES, FCK = 25 MPA, COM USO DE BALDES - LANÇAMENTO, ADENSAMENTO E ACABAMENTO. AF_02/2022 | E19: m³ | F19: 2.74 | G19: 1008.32 | H19: =TRUNC(TRUNC(G19 * J6, 2) + G19, 2) -> 1286.01 | I19: =TRUNC(F19 * H19,2) -> 3523.66 | J19: =I19 / I5 -> 0.0014664025
A20: 2.2 | D20: VIGAS- PLATIBANDA | F20: 1 | H20: =I21 + I22 + I23 + I24 + I25 -> 16234.71 | I20: =TRUNC(F20 * H20,2) -> 16234.71 | J20: =I20 / I5 -> 0.0067562193
A21: 2.2.1 | B21: 92467 | C21: SINAPI | D21: MONTAGEM E DESMONTAGEM DE FÔRMA DE VIGA, ESCORAMENTO COM GARFO DE MADEIRA, PÉ-DIREITO SIMPLES, EM CHAPA DE MADEIRA PLASTIFICADA, 10 UTILIZAÇÕES. AF_09/2020 | E21: m² | F21: 59.31 | G21: 105.11 | H21: =TRUNC(TRUNC(G21 * J6, 2) + G21, 2) -> 134.05 | I21: =TRUNC(F21 * H21,2) -> 7950.5 | J21: =I21 / I5 -> 0.0033086714
A22: 2.2.2 | B22: 92759 | C22: SINAPI | D22: ARMAÇÃO DE PILAR OU VIGA DE ESTRUTURA CONVENCIONAL DE CONCRETO ARMADO UTILIZANDO AÇO CA-60 DE 5,0 MM - MONTAGEM. AF_06/2022 | E22: KG | F22: 119.27 | G22: 13.54 | H22: =TRUNC(TRUNC(G22 * J6, 2) + G22, 2) -> 17.26 | I22: =TRUNC(F22 * H22,2) -> 2058.6 | J22: =I22 / I5 -> 0.00085670474
A23: 2.2.3 | B23: 92769 | C23: SINAPI | D23: ARMAÇÃO DE LAJE DE ESTRUTURA CONVENCIONAL DE CONCRETO ARMADO UTILIZANDO AÇO CA-50 DE 6,3 MM - MONTAGEM. AF_06/2022 | E23: KG | F23: 1.18 | G23: 11.71 | H23: =TRUNC(TRUNC(G23 * J6, 2) + G23, 2) -> 14.93 | I23: =TRUNC(F23 * H23,2) -> 17.61 | J23: =I23 / I5 -> 7.3285585e-06
A24: 2.2.4 | B24: 92762 | C24: SINAPI | D24: ARMAÇÃO DE PILAR OU VIGA DE ESTRUTURA CONVENCIONAL DE CONCRETO ARMADO UTILIZANDO AÇO CA-50 DE 10,0 MM - MONTAGEM. AF_06/2022 | E24: KG | F24: 279.18 | G24: 9.87 | H24: =TRUNC(TRUNC(G24 * J6, 2) + G24, 2) -> 12.58 | I24: =TRUNC(F24 * H24,2) -> 3512.08 | J24: =I24 / I5 -> 0.0014615834
A25: 2.2.5 | B25: 103675 | C25: SINAPI | D25: CONCRETAGEM DE VIGAS E LAJES, FCK=25 MPA, PARA LAJES MACIÇAS OU NERVURADAS COM USO DE BOMBA - LANÇAMENTO, ADENSAMENTO E ACABAMENTO. AF_02/2022_PS | E25: m³ | F25: 3.08 | G25: 686.3 | H25: =TRUNC(TRUNC(G25 * J6, 2) + G25, 2) -> 875.3 | I25: =TRUNC(F25 * H25,2) -> 2695.92 | J25: =I25 / I5 -> 0.0011219311
A26: 3 | D26: IMPERMEABILIZAÇÕES | F26: 1 | H26: =I27 -> 4682.7 | I26: =TRUNC(F26 * H26,2) -> 4682.7 | J26: =I26 / I5 -> 0.0019487473
A27: 3.1 | D27: IMPERMEABILIZAÇÃO DE ÁREAS LAVÁVEIS | F27: 1 | H27: =I28 -> 4682.7 | I27: =TRUNC(F27 * H27,2) -> 4682.7 | J27: =I27 / I5 -> 0.0019487473
A28: 3.1.1 | B28: 98555 | C28: SINAPI | D28: IMPERMEABILIZAÇÃO DE SUPERFÍCIE COM ARGAMASSA POLIMÉRICA / MEMBRANA ACRÍLICA, 3 DEMÃOS. AF_09/2023 | E28: m² | F28: 110 | G28: 33.38 | H28: =TRUNC(TRUNC(G28 * J6, 2) + G28, 2) -> 42.57 | I28: =TRUNC(F28 * H28,2) -> 4682.7 | J28: =I28 / I5 -> 0.0019487473
A29: 4 | D29: SISTEMA DE VEDAÇÃO INTERNA E EXTERNA | F29: 1 | H29: =I30 + I32 -> 46564.26 | I29: =TRUNC(F29 * H29,2) -> 46564.26 | J29: =I29 / I5 -> 0.019378132
A30: 4.1 | D30: ALVENARIA DE BLOCO CERÂMICO | F30: 1 | H30: =I31 -> 25762.4 | I30: =TRUNC(F30 * H30,2) -> 25762.4 | J30: =I30 / I5 -> 0.010721252
A31: 4.1.1 | B31: 103324 | C31: SINAPI | D31: ALVENARIA DE VEDAÇÃO DE BLOCOS CERÂMICOS FURADOS NA VERTICAL DE 14X19X39 CM (ESPESSURA 14 CM) E ARGAMASSA DE ASSENTAMENTO COM PREPARO EM BETONEIRA. AF_12/2021 | E31: m² | F31: 220.89 | G31: 91.45 | H31: =TRUNC(TRUNC(G31 * J6, 2) + G31, 2) -> 116.63 | I31: =TRUNC(F31 * H31,2) -> 25762.4 | J31: =I31 / I5 -> 0.010721252
A32: 4.2 | D32: VERGAS E CONTRA-VERGAS | F32: 1 | H32: =I33 + I34 + I35 + I36 + I37 + I38 -> 20801.86 | I32: =TRUNC(F32 * H32,2) -> 20801.86 | J32: =I32 / I5 -> 0.0086568794
A33: 4.2.1 | B33: 93191 | C33: SINAPI | D33: VERGA MOLDADA IN LOCO COM UTILIZAÇÃO DE BLOCOS CANALETA, ESPESSURA DE *20* CM. AF_03/2024 | E33: M | F33: 10.1 | G33: 77.71 | H33: =TRUNC(TRUNC(G33 * J6, 2) + G33, 2) -> 99.11 | I33: =TRUNC(F33 * H33,2) -> 1001.01 | J33: =I33 / I5 -> 0.00041657923
A34: 4.2.2 | B34: 93187 | C34: SINAPI | D34: VERGA MOLDADA IN LOCO EM CONCRETO, ESPESSURA DE *20* CM. AF_03/2024 | E34: M | F34: 56.13 | G34: 87.25 | H34: =TRUNC(TRUNC(G34 * J6, 2) + G34, 2) -> 111.27 | I34: =TRUNC(F34 * H34,2) -> 6245.58 | J34: =I34 / I5 -> 0.0025991538
A35: 4.2.3 | B35: 93191 | C35: SINAPI | D35: VERGA MOLDADA IN LOCO COM UTILIZAÇÃO DE BLOCOS CANALETA, ESPESSURA DE *20* CM. AF_03/2024 | E35: M | F35: 29.9 | G35: 77.71 | H35: =TRUNC(TRUNC(G35 * J6, 2) + G35, 2) -> 99.11 | I35: =TRUNC(F35 * H35,2) -> 2963.38 | J35: =I35 / I5 -> 0.001233237
A36: 4.2.4 | B36: 93191 | C36: SINAPI | D36: VERGA MOLDADA IN LOCO COM UTILIZAÇÃO DE BLOCOS CANALETA, ESPESSURA DE *20* CM. AF_03/2024 | E36: M | F36: 2 | G36: 77.71 | H36: =TRUNC(TRUNC(G36 * J6, 2) + G36, 2) -> 99.11 | I36: =TRUNC(F36 * H36,2) -> 198.22 | J36: =I36 / I5 -> 8.249102e-05
A37: 4.2.5 | B37: 93197 | C37: SINAPI | D37: CONTRAVERGA MOLDADA IN LOCO EM CONCRETO, ESPESSURA DE *20* CM. AF_03/2024 | E37: M | F37: 23.8 | G37: 64.78 | H37: =TRUNC(TRUNC(G37 * J6, 2) + G37, 2) -> 82.62 | I37: =TRUNC(F37 * H37,2) -> 1966.35 | J37: =I37 / I5 -> 0.00081831408
A38: 4.2.6 | B38: CP-001 | C38: Próprio | D38: ESTRUTURA DE FECHAMENTO EM VÃOS SUPERIORES DE JANELA EM CHAPA CIMENTÍCIA - FORNECIMENTO E INSTALAÇÃO | E38: m | F38: 42.8 | G38: 154.39 | H38: =TRUNC(TRUNC(G38 * J6, 2) + G38, 2) -> 196.9 | I38: =TRUNC(F38 * H38,2) -> 8427.32 | J38: =I38 / I5 -> 0.0035071043
A39: 5 | D39: COBERTURA E DRENAGEM | F39: 1 | H39: =I40 + I44 -> 157342.01 | I39: =TRUNC(F39 * H39,2) -> 157342.01 | J39: =I39 / I5 -> 0.06547928
A40: 5.1 | D40: TELHADO | F40: 1 | H40: =I41 + I42 + I43 -> 137455.38 | I40: =TRUNC(F40 * H40,2) -> 137455.38 | J40: =I40 / I5 -> 0.057203282
A41: 5.1.1 | B41: ED-20603 | C41: SETOP | D41: FORNECIMENTO DE ESTRUTURA METÁLICA E ENGRADAMENTO METÁLICO, EM AÇO, PARA TELHADO, EXCLUSIVE TELHA, INCLUSIVE FABRICAÇÃO, TRANSPORTE, MONTAGEM E APLICAÇÃO DE FUNDO PREPARADOR ANTICORROSIVO EM SUPERFÍCIE METÁLICA, UMA (1) DEMÃO | E41: Kg | F41: 2270.5 | G41: 25.44 | H41: =TRUNC(TRUNC(G41 * J6, 2) + G41, 2) -> 32.44 | I41: =TRUNC(F41 * H41,2) -> 73655.02 | J41: =I41 / I5 -> 0.030652193
A42: 5.1.2 | B42: ED-48202 | C42: SETOP | D42: ALVENARIA ESTRUTURAL COM BLOCO DE CONCRETO, ESP. 19CM, (FBK 4,5MPA), INCLUSIVE ARGAMASSA PARA ASSENTAMENTO | E42: m² | F42: 57.4 | G42: 105.54 | H42: =TRUNC(TRUNC(G42 * J6, 2) + G42, 2) -> 134.6 | I42: =TRUNC(F42 * H42,2) -> 7726.04 | J42: =I42 / I5 -> 0.0032152604
A43: 5.1.3 | B43: 94213 | C43: SINAPI | D43: TELHAMENTO COM TELHA DE AÇO/ALUMÍNIO E = 0,5 MM, COM ATÉ 2 ÁGUAS, INCLUSO IÇAMENTO. AF_06/2026 | E43: m² | F43: 684 | G43: 64.28 | H43: =TRUNC(TRUNC(G43 * J6, 2) + G43, 2) -> 81.98 | I43: =TRUNC(F43 * H43,2) -> 56074.32 | J43: =I43 / I5 -> 0.023335828
A44: 5.2 | D44: ENCAMINHAMENTO DE ÁGUAS PLUVIAIS | F44: 1 | H44: =I45 + I46 + I47 + I48 -> 19886.63 | I44: =TRUNC(F44 * H44,2) -> 19886.63 | J44: =I44 / I5 -> 0.0082759983
A45: 5.2.1 | B45: ED-50659 | C45: SETOP | D45: CALHA EM CHAPA GALVANIZADA, ESP. 0,65MM (GSG 24), COM DESENVOLVIMENTO DE 75CM, INCLUSIVE IÇAMENTO MANUAL VERTICAL | E45: m | F45: 72 | G45: 84.41 | H45: =TRUNC(TRUNC(G45 * J6, 2) + G45, 2) -> 107.65 | I45: =TRUNC(F45 * H45,2) -> 7750.8 | J45: =I45 / I5 -> 0.0032255645
A46: 5.2.2 | B46: 94231 | C46: SINAPI | D46: RUFO EM CHAPA DE AÇO GALVANIZADO NÚMERO 24, CORTE DE 25 CM, INCLUSO TRANSPORTE VERTICAL. AF_06/2026 | E46: M | F46: 38 | G46: 55.91 | H46: =TRUNC(TRUNC(G46 * J6, 2) + G46, 2) -> 71.3 | I46: =TRUNC(F46 * H46,2) -> 2709.4 | J46: =I46 / I5 -> 0.001127541
A47: 5.2.3 | B47: ED-50667 | C47: SETOP | D47: CHAPIM EM CHAPA GALVANIZADA, COM PINGADEIRA, ESP. 0,65MM (GSG 24), COM DESENVOLVIMENTO DE 35CM, INCLUSIVE IÇAMENTO MANUAL VERTICAL | E47: m | F47: 91 | G47: 48.84 | H47: =TRUNC(TRUNC(G47 * J6, 2) + G47, 2) -> 62.29 | I47: =TRUNC(F47 * H47,2) -> 5668.39 | J47: =I47 / I5 -> 0.002358951
A48: 5.2.4 | B48: ED-48402 | C48: SETOP | D48: CUMEEIRA GALVANIZADA TRAPEZOIDAL, TIPO SIMPLES, ESP. 0,50MM, ACABAMENTO NATURAL, INCLUSIVE ACESSÓRIOS PARA FIXAÇÃO, FORNECIMENTO, INSTALAÇÃO E IÇAMENTO MANUAL VERTICAL | E48: m | F48: 36 | G48: 81.85 | H48: =TRUNC(TRUNC(G48 * J6, 2) + G48, 2) -> 104.39 | I48: =TRUNC(F48 * H48,2) -> 3758.04 | J48: =I48 / I5 -> 0.0015639418
A49: 6 | D49: PAVIMENTAÇÃO | F49: 1 | H49: =I50 + I53 -> 144795.06 | I49: =TRUNC(F49 * H49,2) -> 144795.06 | J49: =I49 / I5 -> 0.060257755
A50: 6.1 | D50: PAVIMENTAÇÃO- ÁREAS INTERNAS | F50: 1 | H50: =I51 + I52 -> 107074.4 | I50: =TRUNC(F50 * H50,2) -> 107074.4 | J50: =I50 / I5 -> 0.044559966
A51: 6.1.1 | B51: 94990 | C51: SINAPI | D51: EXECUÇÃO DE PASSEIO (CALÇADA) OU PISO DE CONCRETO COM CONCRETO MOLDADO IN LOCO, FEITO EM OBRA, ACABAMENTO CONVENCIONAL, NÃO ARMADO. AF_08/2022 | E51: m³ | F51: 27.25 | G51: 887.49 | H51: =TRUNC(TRUNC(G51 * J6, 2) + G51, 2) -> 1131.9 | I51: =TRUNC(F51 * H51,2) -> 30844.27 | J51: =I51 / I5 -> 0.012836118
A52: 6.1.2 | B52: 87632 | C52: SINAPI | D52: CONTRAPISO EM ARGAMASSA TRAÇO 1:4 (CIMENTO E AREIA), PREPARO MANUAL, APLICADO EM ÁREAS SECAS SOBRE LAJE, ADERIDO, ACABAMENTO NÃO REFORÇADO, ESPESSURA 3CM. AF_07/2021 | E52: m² | F52: 1192.4 | G52: 50.13 | H52: =TRUNC(TRUNC(G52 * J6, 2) + G52, 2) -> 63.93 | I52: =TRUNC(F52 * H52,2) -> 76230.13 | J52: =I52 / I5 -> 0.031723848
A53: 6.2 | D53: PAVIMENTAÇÃO- ÁREA EXTERNA | F53: 1 | H53: =I54 + I55 + I56 + I57 + I58 -> 37720.66 | I53: =TRUNC(F53 * H53,2) -> 37720.66 | J53: =I53 / I5 -> 0.015697789
A54: 6.2.1 | B54: 94990 | C54: SINAPI | D54: EXECUÇÃO DE PASSEIO (CALÇADA) OU PISO DE CONCRETO COM CONCRETO MOLDADO IN LOCO, FEITO EM OBRA, ACABAMENTO CONVENCIONAL, NÃO ARMADO. AF_08/2022 | E54: m³ | F54: 15.7 | G54: 887.49 | H54: =TRUNC(TRUNC(G54 * J6, 2) + G54, 2) -> 1131.9 | I54: =TRUNC(F54 * H54,2) -> 17770.83 | J54: =I54 / I5 -> 0.0073954893
A55: 6.2.2 | B55: ED-50586 | C55: SETOP | D55: PISO PODOTÁTIL DE CONCRETO, ALERTA OU DIRECIONAL, APLICADO EM PISO (40X40)CM COM JUNTA SECA, COR VERMELHO/AMARELO, INCLUSIVE ASSENTAMENTO COM ARGAMASSA INDUSTRIALIZADA | E55: m² | F55: 21.2 | G55: 137.78 | H55: =TRUNC(TRUNC(G55 * J6, 2) + G55, 2) -> 175.72 | I55: =TRUNC(F55 * H55,2) -> 3725.26 | J55: =I55 / I5 -> 0.0015503002
A56: 6.2.3 | B56: ED-50586 | C56: SETOP | D56: PISO PODOTÁTIL DE CONCRETO, ALERTA OU DIRECIONAL, APLICADO EM PISO (40X40)CM COM JUNTA SECA, COR VERMELHO/AMARELO, INCLUSIVE ASSENTAMENTO COM ARGAMASSA INDUSTRIALIZADA | E56: m² | F56: 1.85 | G56: 137.78 | H56: =TRUNC(TRUNC(G56 * J6, 2) + G56, 2) -> 175.72 | I56: =TRUNC(F56 * H56,2) -> 325.08 | J56: =I56 / I5 -> 0.00013528494
A57: 6.2.4 | B57: 94271 | C57: SINAPI | D57: GUIA (MEIO-FIO) E SARJETA CONJUGADOS DE CONCRETO, MOLDADA IN LOCO EM TRECHO RETO COM EXTRUSORA, 65 CM BASE (15 CM BASE DA GUIA + 50 CM BASE DA SARJETA) X 26 CM ALTURA. AF_01/2024 | E57: M | F57: 40 | G57: 107.56 | H57: =TRUNC(TRUNC(G57 * J6, 2) + G57, 2) -> 137.18 | I57: =TRUNC(F57 * H57,2) -> 5487.2 | J57: =I57 / I5 -> 0.0022835472
A58: 6.2.5 | B58: 103946 | C58: SINAPI | D58: PLANTIO DE GRAMA ESMERALDA OU SÃO CARLOS OU CURITIBANA, EM PLACAS. AF_07/2024 | E58: m² | F58: 429.55 | G58: 19.01 | H58: =TRUNC(TRUNC(G58 * J6, 2) + G58, 2) -> 24.24 | I58: =TRUNC(F58 * H58,2) -> 10412.29 | J58: =I58 / I5 -> 0.0043331673
A59: 7 | D59: REVESTIMENTOS | F59: 1 | H59: =I60 + I64 -> 262298.03 | I59: =TRUNC(F59 * H59,2) -> 262298.03 | J59: =I59 / I5 -> 0.10915766
A60: 7.1 | D60: REVESTIMENTOS- PAREDES | F60: 1 | H60: =I61 + I62 + I63 -> 152248.48 | I60: =TRUNC(F60 * H60,2) -> 152248.48 | J60: =I60 / I5 -> 0.063359562
A61: 7.1.1 | B61: 87879 | C61: SINAPI | D61: CHAPISCO APLICADO EM ALVENARIAS E ESTRUTURAS DE CONCRETO INTERNAS, COM COLHER DE PEDREIRO. ARGAMASSA TRAÇO 1:3 COM PREPARO EM BETONEIRA 400L. AF_10/2022 | E61: m² | F61: 1625.75 | G61: 5.07 | H61: =TRUNC(TRUNC(G61 * J6, 2) + G61, 2) -> 6.46 | I61: =TRUNC(F61 * H61,2) -> 10502.34 | J61: =I61 / I5 -> 0.0043706424
A62: 7.1.2 | B62: 87530 | C62: SINAPI | D62: MASSA ÚNICA, EM ARGAMASSA TRAÇO 1:2:8, PREPARO MANUAL, APLICADA MANUALMENTE EM PAREDES INTERNAS DE AMBIENTES COM ÁREA ENTRE 5M² E 10M², E = 17,5MM, COM TALISCAS. AF_03/2024 | E62: m² | F62: 2097.8 | G62: 45.52 | H62: =TRUNC(TRUNC(G62 * J6, 2) + G62, 2) -> 58.05 | I62: =TRUNC(F62 * H62,2) -> 121777.29 | J62: =I62 / I5 -> 0.050678705
A63: 7.1.3 | B63: 87531 | C63: SINAPI | D63: EMBOÇO, EM ARGAMASSA TRAÇO 1:2:8, PREPARO MECÂNICO, APLICADO MANUALMENTE EM PAREDES INTERNAS DE AMBIENTES COM ÁREA ENTRE 5M² E 10M², E = 17,5MM, COM TALISCAS. AF_03/2024 | E63: m² | F63: 384.46 | G63: 40.73 | H63: =TRUNC(TRUNC(G63 * J6, 2) + G63, 2) -> 51.94 | I63: =TRUNC(F63 * H63,2) -> 19968.85 | J63: =I63 / I5 -> 0.0083102149
A64: 7.2 | D64: REVESTIMENTOS- TETO | F64: 1 | H64: =I65 + I66 + I67 + I68 -> 110049.55 | I64: =TRUNC(F64 * H64,2) -> 110049.55 | J64: =I64 / I5 -> 0.045798101
A65: 7.2.1 | B65: 96113 | C65: SINAPI | D65: FORRO EM PLACAS DE GESSO, PARA AMBIENTES COMERCIAIS. AF_08/2023_PS | E65: m² | F65: 1167 | G65: 51.57 | H65: =TRUNC(TRUNC(G65 * J6, 2) + G65, 2) -> 65.77 | I65: =TRUNC(F65 * H65,2) -> 76753.59 | J65: =I65 / I5 -> 0.031941691
A66: 7.2.2 | B66: ED-28454 | C66: SETOP | D66: PERFIL TABICA GALVANIZADO, TIPO LISA, COM ACABAMENTO EM PINTURA, NA COR BRANCA, PARA FORRO EM CHAPA DE GESSO ACARTONADO, INCLUSIVE ACESSÓRIOS DE FIXAÇÃO | E66: m | F66: 1268.5 | G66: 18.44 | H66: =TRUNC(TRUNC(G66 * J6, 2) + G66, 2) -> 23.51 | I66: =TRUNC(F66 * H66,2) -> 29822.43 | J66: =I66 / I5 -> 0.01241087
A67: 7.2.3 | B67: 87879 | C67: SINAPI | D67: CHAPISCO APLICADO EM ALVENARIAS E ESTRUTURAS DE CONCRETO INTERNAS, COM COLHER DE PEDREIRO. ARGAMASSA TRAÇO 1:3 COM PREPARO EM BETONEIRA 400L. AF_10/2022 | E67: m² | F67: 49.7 | G67: 5.07 | H67: =TRUNC(TRUNC(G67 * J6, 2) + G67, 2) -> 6.46 | I67: =TRUNC(F67 * H67,2) -> 321.06 | J67: =I67 / I5 -> 0.00013361198
A68: 7.2.4 | B68: 90406 | C68: SINAPI | D68: MASSA ÚNICA, EM ARGAMASSA TRAÇO 1:2:8, PREPARO MECÂNICO, APLICADA MANUALMENTE EM TETO, E = 17,5MM, COM TALISCAS. AF_03/2024 | E68: m² | F68: 49.7 | G68: 49.74 | H68: =TRUNC(TRUNC(G68 * J6, 2) + G68, 2) -> 63.43 | I68: =TRUNC(F68 * H68,2) -> 3152.47 | J68: =I68 / I5 -> 0.0013119285
A69: 8 | D69: REVETIMENTOS CERÂMICOS E MÁRMORES/GRANITOS | F69: 1 | H69: =I70 + I73 + I77 -> 278230.75 | I69: =TRUNC(F69 * H69,2) -> 278230.75 | J69: =I69 / I5 -> 0.11578821
A70: 8.1 | D70: REVESTIMENTO- PISO | F70: 1 | H70: =I71 + I72 -> 201626.82 | I70: =TRUNC(F70 * H70,2) -> 201626.82 | J70: =I70 / I5 -> 0.083908798
A71: 8.1.1 | B71: 87262 | C71: SINAPI | D71: REVESTIMENTO CERÂMICO PARA PISO COM PLACAS TIPO PORCELANATO DE DIMENSÕES 60X60 CM APLICADA EM AMBIENTES DE ÁREA ENTRE 5 M² E 10 M². AF_02/2023_PE | E71: m² | F71: 1207.5 | G71: 126.32 | H71: =TRUNC(TRUNC(G71 * J6, 2) + G71, 2) -> 161.1 | I71: =TRUNC(F71 * H71,2) -> 194528.25 | J71: =I71 / I5 -> 0.080954665
A72: 8.1.2 | B72: ED-51002 | C72: SETOP | D72: SOLEIRA DE GRANITO, COR CINZA ANDORINHA, ESP. 2CM, ACABAMENTO POLIDO, ASSENTAMENTO COM ARGAMASSA INDUSTRIALIZADA, INCLUSIVE REJUNTAMENTO | E72: m² | F72: 16.4 | G72: 339.38 | H72: =TRUNC(TRUNC(G72 * J6, 2) + G72, 2) -> 432.84 | I72: =TRUNC(F72 * H72,2) -> 7098.57 | J72: =I72 / I5 -> 0.0029541332
A73: 8.2 | D73: REVESTIMENTO - PAREDES | F73: 1 | H73: =I74 + I75 + I76 -> 73268.78 | I73: =TRUNC(F73 * H73,2) -> 73268.78 | J73: =I73 / I5 -> 0.030491456
A74: 8.2.1 | B74: 87273 | C74: SINAPI | D74: REVESTIMENTO CERÂMICO PARA PAREDES INTERNAS COM PLACAS TIPO ESMALTADA DE DIMENSÕES 33X45 CM APLICADAS NA ALTURA INTEIRA DAS PAREDES. AF_02/2023_PE | E74: m² | F74: 588 | G74: 69.8 | H74: =TRUNC(TRUNC(G74 * J6, 2) + G74, 2) -> 89.02 | I74: =TRUNC(F74 * H74,2) -> 52343.76 | J74: =I74 / I5 -> 0.021783322
A75: 8.2.2 | B75: 88649 | C75: SINAPI | D75: RODAPÉ CERÂMICO DE 7CM DE ALTURA COM PLACAS TIPO ESMALTADA DE DIMENSÕES 45X45CM. AF_02/2023 | E75: M | F75: 847.8 | G75: 9.04 | H75: =TRUNC(TRUNC(G75 * J6, 2) + G75, 2) -> 11.52 | I75: =TRUNC(F75 * H75,2) -> 9766.65 | J75: =I75 / I5 -> 0.0040644784
A76: 8.2.3 | B76: ED-50997 | C76: SETOP | D76: PEITORIL DE GRANITO, NA COR CINZA ANDORINHA, COM PINGADEIRA, ESP. 2CM, ACABAMENTO POLIDO, ASSENTAMENTO COM ARGAMASSA INDUSTRIALIZADA, INCLUSIVE REJUNTAMENTO | E76: m² | F76: 28.15 | G76: 310.8 | H76: =TRUNC(TRUNC(G76 * J6, 2) + G76, 2) -> 396.39 | I76: =TRUNC(F76 * H76,2) -> 11158.37 | J76: =I76 / I5 -> 0.0046436551
A77: 8.3 | D77: REVESTIMENTO- FILETES DE ESCADA E GUICHÊ | F77: 1 | H77: =I78 -> 3335.15 | I77: =TRUNC(F77 * H77,2) -> 3335.15 | J77: =I77 / I5 -> 0.0013879524
A78: 8.3.1 | B78: 98671 | C78: SINAPI | D78: PISO EM GRANITO APLICADO EM AMBIENTES INTERNOS. AF_02/2026 | E78: m² | F78: 7.3 | G78: 358.22 | H78: =TRUNC(TRUNC(G78 * J6, 2) + G78, 2) -> 456.87 | I78: =TRUNC(F78 * H78,2) -> 3335.15 | J78: =I78 / I5 -> 0.0013879524
A79: 9 | D79: PINTURA | F79: 1 | H79: =I80 + I83 + I87 + I90 -> 246216.71 | I79: =TRUNC(F79 * H79,2) -> 246216.71 | J79: =I79 / I5 -> 0.10246528
A80: 9.1 | D80: PINTURA AMBIENTES INTERNOS- PAREDES | F80: 1 | H80: =I81 + I82 -> 133748.07 | I80: =TRUNC(F80 * H80,2) -> 133748.07 | J80: =I80 / I5 -> 0.055660451
A81: 9.1.1 | B81: ED-50474 | C81: SETOP | D81: EMASSAMENTO EM PAREDE COM MASSA ACRÍLICA, DUAS (2) DEMÃOS, INCLUSIVE LIXAMENTO PARA PINTURA | E81: m² | F81: 2631.8 | G81: 25.32 | H81: =TRUNC(TRUNC(G81 * J6, 2) + G81, 2) -> 32.29 | I81: =TRUNC(F81 * H81,2) -> 84980.82 | J81: =I81 / I5 -> 0.035365526
A82: 9.1.2 | B82: 88489 | C82: SINAPI | D82: PINTURA LÁTEX ACRÍLICA PREMIUM, APLICAÇÃO MANUAL EM PAREDES, DUAS DEMÃOS. AF_04/2023 | E82: m² | F82: 2631.8 | G82: 14.53 | H82: =TRUNC(TRUNC(G82 * J6, 2) + G82, 2) -> 18.53 | I82: =TRUNC(F82 * H82,2) -> 48767.25 | J82: =I82 / I5 -> 0.020294926
A83: 9.2 | D83: PINTURA AMBIENTES INTERNOS- TETOS | F83: 1 | H83: =I84 + I85 + I86 -> 71723.82 | I83: =TRUNC(F83 * H83,2) -> 71723.82 | J83: =I83 / I5 -> 0.029848507
A84: 9.2.1 | B84: ED-50516 | C84: SETOP | D84: PREPARAÇÃO PARA EMASSAMENTO OU PINTURA (LÁTEX/ACRÍLICA) EM PAREDE OU FORRO EM CHAPA DE GESSO ACARTONADO (DRYWALL), INCLUSIVE UMA (1) DEMÃO DE SELADOR ACRÍLICO | E84: m² | F84: 1167 | G84: 7.13 | H84: =TRUNC(TRUNC(G84 * J6, 2) + G84, 2) -> 9.09 | I84: =TRUNC(F84 * H84,2) -> 10608.03 | J84: =I84 / I5 -> 0.0044146262
A85: 9.2.2 | B85: 88494 | C85: SINAPI | D85: EMASSAMENTO COM MASSA LÁTEX, APLICAÇÃO EM TETO, UMA DEMÃO, LIXAMENTO MANUAL. AF_04/2023 | E85: m² | F85: 1167 | G85: 23.91 | H85: =TRUNC(TRUNC(G85 * J6, 2) + G85, 2) -> 30.49 | I85: =TRUNC(F85 * H85,2) -> 35581.83 | J85: =I85 / I5 -> 0.014807696
A86: 9.2.3 | B86: 88488 | C86: SINAPI | D86: PINTURA LÁTEX ACRÍLICA PREMIUM, APLICAÇÃO MANUAL EM TETO, DUAS DEMÃOS. AF_04/2023 | E86: m² | F86: 1167 | G86: 17.16 | H86: =TRUNC(TRUNC(G86 * J6, 2) + G86, 2) -> 21.88 | I86: =TRUNC(F86 * H86,2) -> 25533.96 | J86: =I86 / I5 -> 0.010626185
A87: 9.3 | D87: PINTURA EXTERNA | F87: 1 | H87: =I88 + I89 -> 20017.27 | I87: =TRUNC(F87 * H87,2) -> 20017.27 | J87: =I87 / I5 -> 0.0083303653
A88: 9.3.1 | B88: 88485 | C88: SINAPI | D88: FUNDO SELADOR ACRÍLICO, APLICAÇÃO MANUAL EM PAREDE, UMA DEMÃO. AF_04/2023 | E88: m² | F88: 815.7 | G88: 4.72 | H88: =TRUNC(TRUNC(G88 * J6, 2) + G88, 2) -> 6.01 | I88: =TRUNC(F88 * H88,2) -> 4902.35 | J88: =I88 / I5 -> 0.0020401566
A89: 9.3.2 | B89: 88489 | C89: SINAPI | D89: PINTURA LÁTEX ACRÍLICA PREMIUM, APLICAÇÃO MANUAL EM PAREDES, DUAS DEMÃOS. AF_04/2023 | E89: m² | F89: 815.7 | G89: 14.53 | H89: =TRUNC(TRUNC(G89 * J6, 2) + G89, 2) -> 18.53 | I89: =TRUNC(F89 * H89,2) -> 15114.92 | J89: =I89 / I5 -> 0.0062902087
A90: 9.4 | D90: PINTURA DE ESQUADRIAS | F90: 1 | H90: =I91 + I92 + I93 + I94 -> 20727.55 | I90: =TRUNC(F90 * H90,2) -> 20727.55 | J90: =I90 / I5 -> 0.0086259547
A91: 9.4.1 | B91: 102197 | C91: SINAPI | D91: PINTURA FUNDO NIVELADOR ALQUÍDICO BRANCO EM MADEIRA. AF_01/2021 | E91: m² | F91: 282.25 | G91: 30.91 | H91: =TRUNC(TRUNC(G91 * J6, 2) + G91, 2) -> 39.42 | I91: =TRUNC(F91 * H91,2) -> 11126.29 | J91: =I91 / I5 -> 0.0046303048
A92: 9.4.2 | B92: 102219 | C92: SINAPI | D92: PINTURA TINTA DE ACABAMENTO (PIGMENTADA) ESMALTE SINTÉTICO ACETINADO EM MADEIRA, 2 DEMÃOS. AF_01/2021 | E92: m² | F92: 282.25 | G92: 20.38 | H92: =TRUNC(TRUNC(G92 * J6, 2) + G92, 2) -> 25.99 | I92: =TRUNC(F92 * H92,2) -> 7335.67 | J92: =I92 / I5 -> 0.0030528045
A93: 9.4.3 | B93: ED-50532 | C93: SETOP | D93: PINTURA COM FUNDO ANTICORROSIVO (ZARCÃO) EM ESQUADRIA E SUPERFÍCIE METÁLICA, UMA (1) DEMÃO, INCLUSIVE PREPARAÇÃO DA SUPERFÍCIE COM LIXAMENTO | E93: m² | F93: 18.5 | G93: 15.57 | H93: =TRUNC(TRUNC(G93 * J6, 2) + G93, 2) -> 19.85 | I93: =TRUNC(F93 * H93,2) -> 367.22 | J93: =I93 / I5 -> 0.00015282188
A94: 9.4.4 | B94: 100745 | C94: SINAPI | D94: PINTURA COM TINTA ALQUÍDICA DE ACABAMENTO (ESMALTE SINTÉTICO BRILHANTE) PULVERIZADA SOBRE SUPERFÍCIES METÁLICAS (EXCETO PERFIL) EXECUTADO EM OBRA (POR DEMÃO). AF_01/2020_PE | E94: m² | F94: 49.8 | G94: 29.89 | H94: =TRUNC(TRUNC(G94 * J6, 2) + G94, 2) -> 38.12 | I94: =TRUNC(F94 * H94,2) -> 1898.37 | J94: =I94 / I5 -> 0.0007900236
A95: 10 | D95: ESQUADRIAS | F95: 1 | H95: =I96 + I108 -> 213165.35 | I95: =TRUNC(F95 * H95,2) -> 213165.35 | J95: =I95 / I5 -> 0.08871066
A96: 10.1 | D96: PORTAS | F96: 1 | H96: =I97 + I98 + I99 + I100 + I101 + I102 + I103 + I104 + I105 + I106 + I107 -> 139553.06 | I96: =TRUNC(F96 * H96,2) -> 139553.06 | J96: =I96 / I5 -> 0.05807625
A97: 10.1.1 | B97: 90843 | C97: SINAPI | D97: KIT DE PORTA DE MADEIRA PARA PINTURA, SEMI-OCA (LEVE OU MÉDIA), PADRÃO MÉDIO, 80X210CM, ESPESSURA DE 3,5CM, ITENS INCLUSOS: DOBRADIÇAS, MONTAGEM E INSTALAÇÃO DO BATENTE, FECHADURA COM EXECUÇÃO DO FURO - FORNECIMENTO E INSTALAÇÃO. AF_10/2025 | E97: UN | F97: 38 | G97: 1221.08 | H97: =TRUNC(TRUNC(G97 * J6, 2) + G97, 2) -> 1557.36 | I97: =TRUNC(F97 * H97,2) -> 59179.68 | J97: =I97 / I5 -> 0.024628151
A98: 10.1.2 | B98: 90844 | C98: SINAPI | D98: KIT DE PORTA DE MADEIRA PARA PINTURA, SEMI-OCA (LEVE OU MÉDIA), PADRÃO MÉDIO, 90X210CM, ESPESSURA DE 3,5CM, ITENS INCLUSOS: DOBRADIÇAS, MONTAGEM E INSTALAÇÃO DO BATENTE, FECHADURA COM EXECUÇÃO DO FURO - FORNECIMENTO E INSTALAÇÃO. AF_10/2025 | E98: UN | F98: 8 | G98: 1308.9 | H98: =TRUNC(TRUNC(G98 * J6, 2) + G98, 2) -> 1669.37 | I98: =TRUNC(F98 * H98,2) -> 13354.96 | J98: =I98 / I5 -> 0.0055577856
A99: 10.1.3 | B99: 90842 | C99: SINAPI | D99: KIT DE PORTA DE MADEIRA PARA PINTURA, SEMI-OCA (LEVE OU MÉDIA), PADRÃO MÉDIO, 70X210CM, ESPESSURA DE 3,5CM, ITENS INCLUSOS: DOBRADIÇAS, MONTAGEM E INSTALAÇÃO DO BATENTE, FECHADURA COM EXECUÇÃO DO FURO - FORNECIMENTO E INSTALAÇÃO. AF_10/2025 | E99: UN | F99: 19 | G99: 1164.49 | H99: =TRUNC(TRUNC(G99 * J6, 2) + G99, 2) -> 1485.19 | I99: =TRUNC(F99 * H99,2) -> 28218.61 | J99: =I99 / I5 -> 0.011743426
A100: 10.1.4 | B100: CP-002 | C100: Próprio | D100: KIT DE PORTA DE MADEIRA PARA PINTURA, SEMI-OCA (LEVE OU MÉDIA), PADRÃO MÉDIO, 80X210CM, ESPESSURA DE 3,5CM, ITENS INCLUSOS: DOBRADIÇAS, MONTAGEM E INSTALAÇÃO DO BATENTE, FECHADURA COM EXECUÇÃO DO FURO - FORNECIMENTO E INSTALAÇÃO. AF_12/2019 | E100: UNID | F100: 9 | G100: 1255.56 | H100: =TRUNC(TRUNC(G100 * J6, 2) + G100, 2) -> 1601.34 | I100: =TRUNC(F100 * H100,2) -> 14412.06 | J100: =I100 / I5 -> 0.0059977072
...

Sheet Memória de Cálculo
A1: PREFEITURA MUNICIPAL DE NOVA SERRANA ESTADO DE MINAS GERAIS CNPJ/MF N° 18.291.385/0001-59
A3: CONSTRUÇÃO DE UNIDADE DE ATENÇÃO ESPECIALIZADA EM SAÚDE (OBRA REMANESCENTE)- BAIRRO BELVEDERE - NOVA SERRANA/MG
A4: Projeto: | B4: CONSTRUÇÃO DE UNIDADE DE ATENÇÃO ESPECIALIZADA EM SAÚDE (OBRA REMANESCENTE)
A5: Município: | B5: Nova Serrana
A6: Endereço: | B6: RUA TEXAS, 102, BAIRRO BELVEDERE
A7: BDI: | B7: 0.2754
A8: Valor Total Proposto: | B8: ='Orçamento Sintético'!I5 -> 2402928.2
A9: MEMORIA DE CÁLCULO
B10: Descrição | C10: Und | D10: Quant. | E10: Memória de Cálculo
A11: 1 | B11: SERVIÇOS PRELIMINARES E ADMINISTRAÇÃO LOCAL
A12: 1.1 | B12: MOBILIZAÇÃO E CANTEIRO DE OBRAS
A13: 1.1.1 | B13: PLACA DE OBRA EM CHAPA DE AÇO GALVANIZADO | C13: M2 | D13: 4.5 | E13: Medida da placa 3,6 x 1,8 metros
A14: 1.2 | B14: ADMINISTRAÇÃO
A15: 1.2.1 | B15: ENGENHEIRO CIVIL JUNIOR COM ENCARGOS COMPLEMENTARES | C15: H | D15: 222 | E15: Referente a oito horas semanais, admitindo-se 4 semanas ao mês, pelos 7 meses de obra.
A16: 1.2.2 | B16: ENCARREGADO GERAL DE OBRAS COM ENCARGOS COMPLEMENTARES | C16: MES | D16: 7 | E16: Referente a 7 meses de execução de obra.
A17: 2 | B17: SUPERESTRUTURA- COBERTURA
A18: 2.1 | B18: PLATIBANDA
A19: 2.1.1 | B19: PILARES- PLATIBANDA
A20: 2.1.1.1 | B20: MONTAGEM E DESMONTAGEM DE FÔRMA DE PILARES RETANGULARES E ESTRUTURAS SIMILARES, PÉ-DIREITO SIMPLES, EM CHAPA DE MADEIRA COMPENSADA PLASTIFICADA, 10 UTILIZAÇÕES. AF_09/2020 | C20: M2 | D20: 57.3 | E20: Conforme projeto estrutural: folha 2/2 => 57,30 m²
A21: 2.1.1.2 | B21: ARMAÇÃO DE PILAR OU VIGA DE ESTRUTURA CONVENCIONAL DE CONCRETO ARMADO UTILIZANDO AÇO CA-60 DE 5,0 MM - MONTAGEM. AF_06/2022 | C21: KG | D21: 69 | E21: Conforme projeto estrutural: folha 2/2 => 75,90/1,1 (retirando o acréscimo de 10% pois ele está incluído no coeficiente da composição)= 69,00kg
A22: 2.1.1.3 | B22: ARMAÇÃO DE PILAR OU VIGA DE ESTRUTURA CONVENCIONAL DE CONCRETO ARMADO UTILIZANDO AÇO CA-50 DE 10,0 MM - MONTAGEM. AF_06/2022 | C22: KG | D22: 167.5 | E22: Conforme projeto estrutural: folha 2/2 => 184,30/1,1 (retirando o acréscimo de 10% pois ele está incluído no coeficiente da composição)= 167,54kg
A23: 2.1.1.4 | B23: CONCRETAGEM DE PILARES, FCK = 25 MPA, COM USO DE BALDES - LANÇAMENTO, ADENSAMENTO E ACABAMENTO. AF_02/2022 | C23: M3 | D23: 2.74 | E23: Conforme projeto estrutural: folha 2/2 => 2,74m³
A24: 2.2 | B24: VIGAS- PLATIBANDA
A25: 2.2.1 | B25: MONTAGEM E DESMONTAGEM DE FÔRMA DE VIGA, ESCORAMENTO COM GARFO DE MADEIRA, PÉ-DIREITO SIMPLES, EM CHAPA DE MADEIRA PLASTIFICADA, 10 UTILIZAÇÕES. AF_09/2020 | C25: M2 | D25: 59.31 | E25: Conforme projeto estrutural: folha 2/2 => 59,31 m²
A26: 2.2.2 | B26: ARMAÇÃO DE PILAR OU VIGA DE ESTRUTURA CONVENCIONAL DE CONCRETO ARMADO UTILIZANDO AÇO CA-60 DE 5,0 MM - MONTAGEM. AF_06/2022 | C26: KG | D26: 119.27 | E26: Conforme projeto estrutural: folha 2/2 => 131,20/1,1 (retirando o acréscimo de 10% pois ele está incluído no coeficiente da composição)= 119,27kg
A27: 2.2.3 | B27: ARMAÇÃO DE LAJE DE ESTRUTURA CONVENCIONAL DE CONCRETO ARMADO UTILIZANDO AÇO CA-50 DE 6,3 MM - MONTAGEM. AF_06/2022 | C27: KG | D27: 1.18 | E27: Conforme projeto estrutural: folha 2/2 => 1,3/1,1 (retirando o acréscimo de 10% pois ele está incluído no coeficiente da composição)= 1,18kg
A28: 2.2.4 | B28: ARMAÇÃO DE PILAR OU VIGA DE ESTRUTURA CONVENCIONAL DE CONCRETO ARMADO UTILIZANDO AÇO CA-50 DE 10,0 MM - MONTAGEM. AF_06/2022 | C28: KG | D28: 279.18 | E28: Conforme projeto estrutural: folha 2/2 => 307,1/1,1 (retirando o acréscimo de 10% pois ele está incluído no coeficiente da composição)= 279,18/kg
A29: 2.2.5 | B29: CONCRETAGEM DE VIGAS E LAJES, FCK=25 MPA, PARA LAJES MACIÇAS OU NERVURADAS COM USO DE BOMBA - LANÇAMENTO, ADENSAMENTO E ACABAMENTO. AF_02/2022_PS | C29: M3 | D29: 3.08 | E29: Conforme projeto estrutural: folha 2/2 => 3,08m³
A30: 3 | B30: IMPERMEABILIZAÇÕES
A31: 3.1 | B31: IMPERMEABILIZAÇÃO DE ÁREAS LAVÁVEIS
A32: 3.1.1 | B32: IMPERMEABILIZAÇÃO DE SUPERFÍCIE COM ARGAMASSA POLIMÉRICA / MEMBRANA ACRÍLICA, 3 DEMÃOS. AF_06/2018 | C32: M2 | D32: 110 | E32: Conforme mapeamento no memorial descritivo, área de piso e 1,2m nas paredes de contorno
A33: 4 | B33: SISTEMA DE VEDAÇÃO INTERNA E EXTERNA
A34: 4.1 | B34: ALVENARIA DE BLOCO CERÂMICO
A35: 4.1.1 | B35: ALVENARIA DE VEDAÇÃO DE BLOCOS CERÂMICOS FURADOS NA VERTICAL DE 14X19X39 CM (ESPESSURA 14 CM) E ARGAMASSA DE ASSENTAMENTO COM PREPARO EM BETONEIRA. AF_12/2021 | C35: M2 | D35: 220.89 | E35: Conforme planilha auxiliar, considerando vãos de janela.
A36: 4.2 | B36: VERGAS E CONTRA-VERGAS
A37: 4.2.1 | B37: VERGA MOLDADA IN LOCO COM UTILIZAÇÃO DE BLOCOS CANALETA, ESPESSURA DE *20* CM. AF_03/2024 | C37: M | D37: 10.1 | E37: Conforme mapeamento em projeto e planilha auxiliar.
A38: 4.2.2 | B38: VERGA MOLDADA IN LOCO EM CONCRETO, ESPESSURA DE *20* CM. AF_03/2024 | C38: M | D38: 56.13 | E38: Conforme mapeamento em projeto e planilha auxiliar.
A39: 4.2.3 | B39: VERGA MOLDADA IN LOCO COM UTILIZAÇÃO DE BLOCOS CANALETA, ESPESSURA DE *20* CM. AF_03/2024 | C39: M | D39: 29.9 | E39: Conforme mapeamento em projeto e planilha auxiliar.
A40: 4.2.4 | B40: VERGA MOLDADA IN LOCO COM UTILIZAÇÃO DE BLOCOS CANALETA, ESPESSURA DE *20* CM. AF_03/2024 | C40: M | D40: 2 | E40: Conforme mapeamento em projeto e planilha auxiliar.
A41: 4.2.5 | B41: CONTRAVERGA MOLDADA IN LOCO EM CONCRETO, ESPESSURA DE *20* CM. AF_03/2024 | C41: M | D41: 23.8 | E41: Conforme mapeamento em projeto e planilha auxiliar.
A42: 4.2.6 | B42: ESTRUTURA DE FECHAMENTO EM VÃOS SUPERIORES DE JANELA EM CHAPA CIMENTÍCIA - FORNECIMENTO E INSTALAÇÃO | C42: M | D42: 42.8 | E42: Conforme mapeamento em projeto e planilha auxiliar.
A43: 5 | B43: COBERTURA E DRENAGEM
A44: 5.1 | B44: TELHADO
A45: 5.1.1 | B45: FORNECIMENTO DE ESTRUTURA METÁLICA E ENGRADAMENTO METÁLICO, EM AÇO, PARA TELHADO, EXCLUSIVE TELHA, INCLUSIVE FABRICAÇÃO, TRANSPORTE, MONTAGEM E APLICAÇÃO DE FUNDO PREPARADOR ANTICORROSIVO EM SUPERFÍCIE METÁLICA, UMA (1) DEMÃO | C45: Kg | D45: 2270.5 | E45: Considerando quantitativo do projeto de engradamento = 526,8m do perfil 127x50x17 e=2,25 com peso de 4,31kg/m = 2270,50kg
A46: 5.1.2 | B46: ALVENARIA ESTRUTURAL COM BLOCO DE CONCRETO, ESP. 19CM, (FBK 4,5MPA), COM ACABAMENTO APARENTE, INCLUSIVE ARGAMASSA PARA ASSENTAMENTO | C46: m2 | D46: 57.4 | E46: Considerando quantitativo do projeto de engradamento = 9 pilaretes de 2,13m + 18 pilaretes de 1,69m + 18 pilaretes de 1,23m = 71,73m x 0,8m de bloco = 57,38m² de alvenaria
A47: 5.1.3 | B47: TELHAMENTO COM TELHA DE AÇO/ALUMÍNIO E = 0,5 MM, COM ATÉ 2 ÁGUAS, INCLUSO IÇAMENTO. AF_07/2019 | C47: M2 | D47: 684 | E47: Pela áreas de projeção do telhado 19 x 36 = 684 m²
A48: 5.2 | B48: ENCAMINHAMENTO DE ÁGUAS PLUVIAIS
A49: 5.2.1 | B49: CALHA EM CHAPA GALVANIZADA, ESP. 0,65MM (GSG-24), COM DESENVOLVIMENTO DE 75CM, INCLUSIVE IÇAMENTO MANUAL VERTICAL | C49: m | D49: 72 | E49: Aplicação em ambas as maiores laterais = 2 x 36m = 72m
A50: 5.2.2 | B50: RUFO EM CHAPA DE AÇO GALVANIZADO NÚMERO 24, CORTE DE 25 CM, INCLUSO TRANSPORTE VERTICAL. AF_07/2019 | C50: M | D50: 38 | E50: Aplicação em ambas as menores laterais = 2 x 19m = 38m
A51: 5.2.3 | B51: CHAPIM EM CHAPA GALVANIZADA, COM PINGADEIRA, ESP. 0,65MM (GSG-24), COM DESENVOLVIMENTO DE 35CM, INCLUSIVE IÇAMENTO MANUAL VERTICAL | C51: m | D51: 91 | E51: Aplicação nas 3 laterais construídas = 2 x 36m + 19 m = 91 m
A52: 5.2.4 | B52: COLOCAÇÃO DE CUMEEIRA GALVANIZADA TRAPEZOIDAL E = 0,50 MM, SIMPLES | C52: m | D52: 36 | E52: Aplicação na parte central da edificação = 36m
A53: 6 | B53: PAVIMENTAÇÃO
A54: 6.1 | B54: PAVIMENTAÇÃO- ÁREAS INTERNAS
A55: 6.1.1 | B55: EXECUÇÃO DE PASSEIO (CALÇADA) OU PISO DE CONCRETO COM CONCRETO MOLDADO IN LOCO, FEITO EM OBRA, ACABAMENTO CONVENCIONAL, NÃO ARMADO. AF_08/2022 | C55: M3 | D55: 27.25 | E55: Total de áreas do pavimento térreo =545,06m² x 0,05m de espessura => 27,25m³
A56: 6.1.2 | B56: CONTRAPISO EM ARGAMASSA TRAÇO 1:4 (CIMENTO E AREIA), PREPARO MANUAL, APLICADO EM ÁREAS SECAS SOBRE LAJE, ADERIDO, ACABAMENTO NÃO REFORÇADO, ESPESSURA 3CM. AF_07/2021 | C56: M2 | D56: 1192.4 | E56: Conforme planilha de cálculo auxiliar (todas as área de piso exceto espelhos dos degraus nas escadas)
A57: 6.2 | B57: PAVIMENTAÇÃO- ÁREA EXTERNA
A58: 6.2.1 | B58: EXECUÇÃO DE PASSEIO (CALÇADA) OU PISO DE CONCRETO COM CONCRETO MOLDADO IN LOCO, FEITO EM OBRA, ACABAMENTO CONVENCIONAL, NÃO ARMADO. AF_08/2022 | C58: M3 | D58: 15.7 | E58: Passeio de fundo no pavimento 1 = 36m x 1,1m de largura = 39,6m² + passeio térreo (44,8m + 20,5m) de contorno da edificação + contorno interno da rampa 15,75m = 81,05m x 1m de largura = 81,05m² + passeio externo 40 m x 1,9 m de largura = 76m² + passeio entrada principal 12 m x 2,3 m de largura = 27,6m² TOTAL 224,25m² x 0,07m de espessura => 15,7 m³
A59: 6.2.2 | B59: PISO PODOTÁTIL DE CONCRETO, DIRECIONAL, APLICADO EM PISO (40X40CM) COM JUNTA SECA, COR VERMELHO/AMARELO, ASSENTAMENTO COM ARGAMASSA INDUSTRIALIZADA, INCLUSIVE FORNECIMENTO E INSTALAÇÃO | C59: m2 | D59: 21.2 | E59: Passeio externo 40 m + 13 m no passeio de acesso interno = 53m x 0,4m = 21,20 m²
A60: 6.2.3 | B60: PISO PODOTÁTIL DE CONCRETO, ALERTA, APLICADO EM PISO (40X40CM) COM JUNTA SECA, COR VERMELHO/AMARELO, ASSENTAMENTO COM ARGAMASSA INDUSTRIALIZADA, INCLUSIVE FORNECIMENTO E INSTALAÇÃO | C60: m2 | D60: 1.85 | E60: 2,3 m no início e no fim do passeio de acesso interno ( 4,6 x 0,4 = 1,85m²)
A61: 6.2.4 | B61: GUIA (MEIO-FIO) E SARJETA CONJUGADOS DE CONCRETO, MOLDADA IN LOCO EM TRECHO RETO COM EXTRUSORA, 65 CM BASE (15 CM BASE DA GUIA + 50 CM BASE DA SARJETA) X 30 CM ALTURA. AF_06/2016 | C61: M | D61: 40 | E61: Passeio externo 40 m
A62: 6.2.5 | B62: PLANTIO DE GRAMA ESMERALDA OU SÃO CARLOS OU CURITIBANA, EM PLACAS. AF_05/2022 | C62: M2 | D62: 429.55 | E62: Considerando o contorno da edificação e legendas do projeto arquitetônico (140m² + 224,9m² + 64,65m² = 429,55m²)
A63: 7 | B63: REVESTIMENTOS
A64: 7.1 | B64: REVESTIMENTOS- PAREDES
A65: 7.1.1 | B65: CHAPISCO APLICADO EM ALVENARIAS E ESTRUTURAS DE CONCRETO INTERNAS, COM COLHER DE PEDREIRO. ARGAMASSA TRAÇO 1:3 COM PREPARO EM BETONEIRA 400L. AF_10/2022 | C65: M2 | D65: 1625.75 | E65: Conforme planilha auxiliar, considerando vãos de janela, faces interna e externa, considerando as superfícies já executadas.
A66: 7.1.2 | B66: MASSA ÚNICA, PARA RECEBIMENTO DE PINTURA, EM ARGAMASSA TRAÇO 1:2:8, PREPARO MANUAL, APLICADA MANUALMENTE EM FACES INTERNAS DE PAREDES, ESPESSURA DE 20MM, COM EXECUÇÃO DE TALISCAS. AF_06/2014 | C66: M2 | D66: 2097.8 | E66: Conforme planilha auxiliar, considerando vãos de janela, faces interna e externa, considerando as superfícies já executadas.
A67: 7.1.3 | B67: EMBOÇO, PARA RECEBIMENTO DE CERÂMICA, EM ARGAMASSA TRAÇO 1:2:8, PREPARO MECÂNICO COM BETONEIRA 400L, APLICADO MANUALMENTE EM FACES INTERNAS DE PAREDES, PARA AMBIENTE COM ÁREA ENTRE 5M2 E 10M2, ESPESSURA DE 20MM, COM EXECUÇÃO DE TALISCAS. AF_06/2014 | C67: M2 | D67: 384.46 | E67: Conforme planilha auxiliar, considerando vãos de janelas e portas, face interna, considerando as superfícies já executadas.
A68: 7.2 | B68: REVESTIMENTOS- TETO
A69: 7.2.1 | B69: FORRO EM CHAPA DE GESSO ACARTONADO, ESP. 12,5MM, COM FIXAÇÃO DO TIPO ARAMADO, EXCLUSIVE PERFIL TABICA, SANCA E MOLDURA, INCLUSIVE ACESSÓRIOS E FIXAÇÃO | C69: m2 | D69: 1167 | E69: Conforme planilha auxiliar, considerando pavimento térreo e primeiro pavimento, exceto vão de elevador.
A70: 7.2.2 | B70: PERFIL TABICA GALVANIZADO, TIPO LISA, COM ACABAMENTO EM PINTURA, NA COR BRANCA, PARA FORRO EM CHAPA DE GESSO ACARTONADO, INCLUSIVE ACESSÓRIOS DE FIXAÇÃO | C70: m | D70: 1268.5 | E70: Conforme planilha auxiliar, considerando pavimento térreo e primeiro pavimento, exceto vão de elevador.
A71: 7.2.3 | B71: CHAPISCO APLICADO EM ALVENARIAS E ESTRUTURAS DE CONCRETO INTERNAS, COM COLHER DE PEDREIRO. ARGAMASSA TRAÇO 1:3 COM PREPARO EM BETONEIRA 400L. AF_10/2022 | C71: M2 | D71: 49.7 | E71: Conforme planilha auxiliar, considerando pavimento térreo e primeiro pavimento, fundo das escadas
A72: 7.2.4 | B72: MASSA ÚNICA, PARA RECEBIMENTO DE PINTURA, EM ARGAMASSA TRAÇO 1:2:8, PREPARO MANUAL, APLICADA MANUALMENTE EM TETO, ESPESSURA DE 20MM, COM EXECUÇÃO DE TALISCAS. AF_03/2015 | C72: M2 | D72: 49.7 | E72: Conforme planilha auxiliar, considerando pavimento térreo e primeiro pavimento, fundo das escadas
A73: 8 | B73: REVESTIMENTOS CERÂMICOS E MÁRMORES/GRANITOS
A74: 8.1 | B74: REVESTIMENTO- PISO
A75: 8.1.1 | B75: REVESTIMENTO CERÂMICO PARA PISO COM PLACAS TIPO PORCELANATO DE DIMENSÕES 45X45 CM APLICADA EM AMBIENTES DE ÁREA ENTRE 5 M² E 10 M². AF_02/2023_PE | C75: M2 | D75: 1207.5 | E75: Conforme planilha auxiliar, considerando pavimento térreo e primeiro pavimento.
A76: 8.1.2 | B76: SOLEIRA EM GRANITO, NA COR CINZA ANDORINHA, ESP. 2CM, INCLUSIVE REJUNTAMENTO | C76: m2 | D76: 16.4 | E76: Conforme planilha auxiliar, considerando pavimento térreo e primeiro pavimento.
A77: 8.2 | B77: REVESTIMENTO - PAREDES
A78: 8.2.1 | B78: REVESTIMENTO CERÂMICO PARA PAREDES INTERNAS COM PLACAS TIPO ESMALTADA EXTRA DE DIMENSÕES 33X45 CM APLICADAS NA ALTURA INTEIRA DAS PAREDES. AF_02/2023_PE | C78: M2 | D78: 588 | E78: Conforme planilha auxiliar, considerando vãos de janelas e portas, face interna.
A79: 8.2.2 | B79: RODAPÉ CERÂMICO DE 7CM DE ALTURA COM PLACAS TIPO ESMALTADA EXTRA DE DIMENSÕES 45X45CM. AF_02/2023 | C79: M | D79: 847.8 | E79: Conforme planilha auxiliar, considerando perímetro dos ambientes sem revestimento cerâmico e retirando-se os vãos de portas.
A80: 8.2.3 | B80: PEITORIL DE GRANITO CINZA ANDORINHA E = 2 CM | C80: m2 | D80: 28.15 | E80: Conforme planilha auxiliar, considerando pavimento térreo e primeiro pavimento.
A81: 8.3 | B81: REVESTIMENTO- FILETES DE ESCADA E GUICHÊ
A82: 8.3.1 | B82: PISO EM GRANITO APLICADO EM AMBIENTES INTERNOS. AF_09/2020 | C82: M2 | D82: 7.3 | E82: Conforme planilha auxiliar, considerando pavimento térreo e primeiro pavimento, todos os degraus. 2x20x1,50,08 + 20x1,2x0,08
A83: 9 | B83: PINTURA
A84: 9.1 | B84: PINTURA AMBIENTES INTERNOS- PAREDES
A85: 9.1.1 | B85: EMASSAMENTO EM PAREDE COM MASSA ACRÍLICA, DUAS (2) DEMÃOS, INCLUSIVE LIXAMENTO PARA PINTURA | C85: m2 | D85: 2631.8 | E85: Conforme planilha auxiliar.
A86: 9.1.2 | B86: PINTURA LÁTEX ACRÍLICA PREMIUM, APLICAÇÃO MANUAL EM PAREDES, DUAS DEMÃOS. AF_04/2023 | C86: M2 | D86: 2631.8 | E86: Conforme planilha auxiliar.
A87: 9.2 | B87: PINTURA AMBIENTES INTERNOS- TETOS
A88: 9.2.1 | B88: PREPARAÇÃO PARA EMASSAMENTO OU PINTURA (LÁTEX/ACRÍLICA) EM PAREDE OU FORRO EM CHAPA DE GESSO ACARTONADO (DRYWALL), INCLUSIVE UMA (1) DEMÃO DE SELADOR ACRÍLICO | C88: m2 | D88: 1167 | E88: Conforme planilha auxiliar.
A89: 9.2.2 | B89: EMASSAMENTO COM MASSA LÁTEX, APLICAÇÃO EM TETO, UMA DEMÃO, LIXAMENTO MANUAL. AF_04/2023 | C89: M2 | D89: 1167 | E89: Conforme planilha auxiliar.
A90: 9.2.3 | B90: PINTURA LÁTEX ACRÍLICA PREMIUM, APLICAÇÃO MANUAL EM TETO, DUAS DEMÃOS. AF_04/2023 | C90: M2 | D90: 1167 | E90: Conforme planilha auxiliar.
A91: 9.3 | B91: PINTURA EXTERNA
A92: 9.3.1 | B92: FUNDO SELADOR ACRÍLICO, APLICAÇÃO MANUAL EM PAREDE, UMA DEMÃO. AF_04/2023 | C92: M2 | D92: 815.7 | E92: Conforme planilha auxiliar.
A93: 9.3.2 | B93: PINTURA LÁTEX ACRÍLICA PREMIUM, APLICAÇÃO MANUAL EM PAREDES, DUAS DEMÃOS. AF_04/2023 | C93: M2 | D93: 815.7 | E93: Conforme planilha auxiliar.
A94: 9.4 | B94: PINTURA DE ESQUADRIAS
A95: 9.4.1 | B95: PINTURA FUNDO NIVELADOR ALQUÍDICO BRANCO EM MADEIRA. AF_01/2021 | C95: M2 | D95: 282.25 | E95: Conforme planilha auxiliar, considerando os 2 lados.
A96: 9.4.2 | B96: PINTURA TINTA DE ACABAMENTO (PIGMENTADA) ESMALTE SINTÉTICO ACETINADO EM MADEIRA, 2 DEMÃOS. AF_01/2021 | C96: M2 | D96: 282.25 | E96: Conforme planilha auxiliar, considerando os 2 lados.
A97: 9.4.3 | B97: PINTURA ANTICORROSIVA A BASE DE ÓXIDO DE FERRO (ZARCÃO) EM ESQUADRIA E SUPERFÍCIE METÁLICA, UMA (1) DEMÃO | C97: m2 | D97: 18.5 | E97: Conforme planilha auxiliar, pintura do item "porta em perfil e chapa metálica" considerando os 2 lados.
A98: 9.4.4 | B98: PINTURA COM TINTA ALQUÍDICA DE ACABAMENTO (ESMALTE SINTÉTICO BRILHANTE) PULVERIZADA SOBRE SUPERFÍCIES METÁLICAS (EXCETO PERFIL) EXECUTADO EM OBRA (POR DEMÃO). AF_01/2020_PE | C98: M2 | D98: 49.8 | E98: Conforme planilha auxiliar, considerando os 2 lados e duas demãos para os itens "porta em perfil e chapa metálica" e "porta metálica veneziana" = 24,9m² x 2 demãos
A99: 10 | B99: ESQUADRIAS
A100: 10.1 | B100: PORTAS
A101: 10.1.1 | B101: KIT DE PORTA DE MADEIRA PARA PINTURA, SEMI-OCA (LEVE OU MÉDIA), PADRÃO MÉDIO, 80X210CM, ESPESSURA DE 3,5CM, ITENS INCLUSOS: DOBRADIÇAS, MONTAGEM E INSTALAÇÃO DO BATENTE, FECHADURA COM EXECUÇÃO DO FURO - FORNECIMENTO E INSTALAÇÃO. AF_12/2019 | C101: UN | D101: 38 | E101: Conforme planilha auxiliar.
...

Sheet CPU's
A1: PREFEITURA MUNICIPAL DE NOVA SERRANA ESTADO DE MINAS GERAIS CNPJ/MF N° 18.291.385/0001-59
C4: Composições Analíticas com Preço Unitário | E4: Bancos | G4: B.D.I. | I4: Encargos Sociais
C5: CONSTRUÇÃO DE UNIDADE DE ATENÇÃO ESPECIALIZADA EM SAÚDE | E5: SINAPI - 02/2026 - Minas Gerais SEINFRA - 028 - Ceará SETOP - 01/2026 - Minas Gerais SUDECAP - 10/2025 - Minas Gerais | G5: 27,54% | I5: Não Desonerado: embutido nos preços unitário dos insumos de mão de obra, de acordo com as bases.
A6: Composições Analíticas com Preço Unitário
A7: Composições Principais
C8: Composições Analíticas com Preço Unitário | E8: Bancos | H8: B.D.I.
C9: CONSTRUÇÃO DE UNIDADE DE ATENÇÃO ESPECIALIZADA EM SAÚDE 2026 | E9: SINAPI - 02/2026 - Minas Gerais SEINFRA - 028 - Ceará SETOP - 01/2026 - Minas Gerais SUDECAP - 10/2025 - Minas Gerais | H9: 27,54%
A10: Composições Analíticas com Preço Unitário
A11: 1.1.1 | B11: Código | C11: Banco | D11: Descrição | E11: Tipo | G11: Und | H11: Quant. | I11: Valor Unit | J11: Total
A12: Composição | B12: 103689 | C12: SINAPI | D12: FORNECIMENTO E INSTALAÇÃO DE PLACA DE OBRA COM CHAPA GALVANIZADA E ESTRUTURA DE MADEIRA. AF_03/2022_PS | E12: Sinalização Vertical Viária | G12: m² | H12: 1 | I12: 381.51 | J12: 381.51
A13: Composição Auxiliar | B13: 102234 | C13: SINAPI | D13: PINTURA IMUNIZANTE PARA MADEIRA, 2 DEMÃOS. AF_01/2021 | E13: Pintura em Madeira | G13: m² | H13: 0.5 | I13: 23.33 | J13: 11.66
A14: Composição Auxiliar | B14: 88262 | C14: SINAPI | D14: CARPINTEIRO DE FORMAS COM ENCARGOS COMPLEMENTARES | E14: Livro SINAPI: Cálculos e Parâmetros | G14: H | H14: 0.3729 | I14: 30.96 | J14: 11.54
A15: Composição Auxiliar | B15: 88316 | C15: SINAPI | D15: SERVENTE COM ENCARGOS COMPLEMENTARES | E15: Livro SINAPI: Cálculos e Parâmetros | G15: H | H15: 1.1186 | I15: 23.58 | J15: 26.37
A16: Insumo | B16: 00004509 | C16: SINAPI | D16: SARRAFO *2,5 X 10* CM EM PINUS, MISTA OU EQUIVALENTE DA REGIAO - BRUTA | E16: Material | G16: M | H16: 3.2083 | I16: 3.91 | J16: 12.54
A17: Insumo | B17: 00004813 | C17: SINAPI | D17: PLACA DE OBRA (PARA CONSTRUCAO CIVIL) EM CHAPA GALVANIZADA *N. 22*, ADESIVADA, DE *2,4 X 1,2* M (SEM POSTES PARA FIXACAO) | E17: Material | G17: m² | H17: 1 | I17: 318.75 | J17: 318.75
A18: Insumo | B18: 00005065 | C18: SINAPI | D18: PREGO DE ACO POLIDO COM CABECA 10 X 10 (7/8 X 17) | E18: Material | G18: KG | H18: 0.0113 | I18: 35.85 | J18: 0.4
A19: Insumo | B19: 00005069 | C19: SINAPI | D19: PREGO DE ACO POLIDO COM CABECA 17 X 27 (2 1/2 X 11) | E19: Material | G19: KG | H19: 0.0132 | I19: 19.21 | J19: 0.25
E20: MO sem LS => | F20: 32.89 | G20: LS => | H20: 0 | I20: MO com LS => | J20: 32.89
E21: Valor do BDI => | F21: 105.06 | H21: Valor com BDI => | J21: 486.57
A23: 2.1.1 | B23: Código | C23: Banco | D23: Descrição | E23: Tipo | G23: Und | H23: Quant. | I23: Valor Unit | J23: Total
A24: Composição | B24: 92431 | C24: SINAPI | D24: MONTAGEM E DESMONTAGEM DE FÔRMA DE PILARES RETANGULARES E ESTRUTURAS SIMILARES, PÉ-DIREITO SIMPLES, EM CHAPA DE MADEIRA COMPENSADA PLASTIFICADA, 10 UTILIZAÇÕES. AF_09/2020 | E24: Fôrmas para Estruturas de Concreto Armado | G24: m² | H24: 1 | I24: 63.11 | J24: 63.11
A25: Composição Auxiliar | B25: 88262 | C25: SINAPI | D25: CARPINTEIRO DE FORMAS COM ENCARGOS COMPLEMENTARES | E25: Livro SINAPI: Cálculos e Parâmetros | G25: H | H25: 0.661 | I25: 30.96 | J25: 20.46
A26: Composição Auxiliar | B26: 88239 | C26: SINAPI | D26: AJUDANTE DE CARPINTEIRO COM ENCARGOS COMPLEMENTARES | E26: Livro SINAPI: Cálculos e Parâmetros | G26: H | H26: 0.121 | I26: 25.54 | J26: 3.09
A27: Composição Auxiliar | B27: 92264 | C27: SINAPI | D27: FABRICAÇÃO DE FÔRMA PARA PILARES E ESTRUTURAS SIMILARES, EM CHAPA DE MADEIRA COMPENSADA PLASTIFICADA, E = 18 MM. AF_09/2020 | E27: Fôrmas para Estruturas de Concreto Armado | G27: m² | H27: 0.105 | I27: 213.57 | J27: 22.42
A28: Insumo | B28: 00040304 | C28: SINAPI | D28: PREGO DE ACO POLIDO COM CABECA DUPLA 17 X 27 (2 1/2 X 11) | E28: Material | G28: KG | H28: 0.019 | I28: 23.26 | J28: 0.44
A29: Insumo | B29: 00040287 | C29: SINAPI | D29: LOCACAO DE BARRA DE ANCORAGEM DE 0,80 A 1,20 M DE EXTENSAO, COM ROSCA DE 5/8", INCLUINDO PORCA E FLANGE | E29: Equipamento | G29: MES | H29: 0.785 | I29: 7.07 | J29: 5.54
A30: Insumo | B30: 00040275 | C30: SINAPI | D30: LOCACAO DE VIGA SANDUICHE METALICA VAZADA PARA TRAVAMENTO DE PILARES, ALTURA DE *8* CM, LARGURA DE *6* CM E EXTENSAO DE 2 M | E30: Equipamento | G30: UNXMES | H30: 0.393 | I30: 19.2 | J30: 7.54
A31: Insumo | B31: 00002692 | C31: SINAPI | D31: DESMOLDANTE PROTETOR PARA FORMAS DE MADEIRA, DE BASE OLEOSA EMULSIONADA EM AGUA | E31: Material | G31: L | H31: 0.004 | I31: 6.38 | J31: 0.02
A32: Insumo | B32: 00040271 | C32: SINAPI | D32: LOCACAO DE APRUMADOR METALICO DE PILAR, COM ALTURA E ANGULO REGULAVEIS, EXTENSAO DE *1,50* A *2,80* M | E32: Equipamento | G32: UNXMES | H32: 0.196 | I32: 18.37 | J32: 3.6
E33: MO sem LS => | F33: 22.91 | G33: LS => | H33: 0 | I33: MO com LS => | J33: 22.91
E34: Valor do BDI => | F34: 17.38 | H34: Valor com BDI => | J34: 80.49
A36: 2.1.2 | B36: Código | C36: Banco | D36: Descrição | E36: Tipo | G36: Und | H36: Quant. | I36: Valor Unit | J36: Total
A37: Composição | B37: 92759 | C37: SINAPI | D37: ARMAÇÃO DE PILAR OU VIGA DE ESTRUTURA CONVENCIONAL DE CONCRETO ARMADO UTILIZANDO AÇO CA-60 DE 5,0 MM - MONTAGEM. AF_06/2022 | E37: Armação para Estruturas de Concreto Armado | G37: KG | H37: 1 | I37: 13.54 | J37: 13.54
A38: Composição Auxiliar | B38: 88245 | C38: SINAPI | D38: ARMADOR COM ENCARGOS COMPLEMENTARES | E38: Livro SINAPI: Cálculos e Parâmetros | G38: H | H38: 0.1069 | I38: 31.44 | J38: 3.36
A39: Composição Auxiliar | B39: 88238 | C39: SINAPI | D39: AJUDANTE DE ARMADOR COM ENCARGOS COMPLEMENTARES | E39: Livro SINAPI: Cálculos e Parâmetros | G39: H | H39: 0.0175 | I39: 25.96 | J39: 0.45
A40: Composição Auxiliar | B40: 92800 | C40: SINAPI | D40: CORTE E DOBRA DE AÇO CA-60, DIÂMETRO DE 5,0 MM. AF_06/2022 | E40: Armação para Estruturas de Concreto Armado | G40: KG | H40: 1 | I40: 8.98 | J40: 8.98
A41: Insumo | B41: 00039017 | C41: SINAPI | D41: ESPACADOR / DISTANCIADOR CIRCULAR COM ENTRADA LATERAL, EM PLASTICO, PARA VERGALHAO *4,2 A 12,5* MM, COBRIMENTO 20 MM | E41: Material | G41: UN | H41: 1.19 | I41: 0.22 | J41: 0.26
A42: Insumo | B42: 00043132 | C42: SINAPI | D42: ARAME RECOZIDO 16 BWG, D = 1,65 MM (0,016 KG/M) OU 18 BWG, D = 1,25 MM (0,01 KG/M) | E42: Material | G42: KG | H42: 0.025 | I42: 19.92 | J42: 0.49
E43: MO sem LS => | F43: 4.47 | G43: LS => | H43: 0 | I43: MO com LS => | J43: 4.47
E44: Valor do BDI => | F44: 3.72 | H44: Valor com BDI => | J44: 17.26
A46: 2.1.3 | B46: Código | C46: Banco | D46: Descrição | E46: Tipo | G46: Und | H46: Quant. | I46: Valor Unit | J46: Total
A47: Composição | B47: 92762 | C47: SINAPI | D47: ARMAÇÃO DE PILAR OU VIGA DE ESTRUTURA CONVENCIONAL DE CONCRETO ARMADO UTILIZANDO AÇO CA-50 DE 10,0 MM - MONTAGEM. AF_06/2022 | E47: Armação para Estruturas de Concreto Armado | G47: KG | H47: 1 | I47: 9.87 | J47: 9.87
A48: Composição Auxiliar | B48: 92803 | C48: SINAPI | D48: CORTE E DOBRA DE AÇO CA-50, DIÂMETRO DE 10,0 MM. AF_06/2022 | E48: Armação para Estruturas de Concreto Armado | G48: KG | H48: 1 | I48: 7.88 | J48: 7.88
A49: Composição Auxiliar | B49: 88238 | C49: SINAPI | D49: AJUDANTE DE ARMADOR COM ENCARGOS COMPLEMENTARES | E49: Livro SINAPI: Cálculos e Parâmetros | G49: H | H49: 0.0064 | I49: 25.96 | J49: 0.16
A50: Composição Auxiliar | B50: 88245 | C50: SINAPI | D50: ARMADOR COM ENCARGOS COMPLEMENTARES | E50: Livro SINAPI: Cálculos e Parâmetros | G50: H | H50: 0.0392 | I50: 31.44 | J50: 1.23
A51: Insumo | B51: 00043132 | C51: SINAPI | D51: ARAME RECOZIDO 16 BWG, D = 1,65 MM (0,016 KG/M) OU 18 BWG, D = 1,25 MM (0,01 KG/M) | E51: Material | G51: KG | H51: 0.025 | I51: 19.92 | J51: 0.49
A52: Insumo | B52: 00039017 | C52: SINAPI | D52: ESPACADOR / DISTANCIADOR CIRCULAR COM ENTRADA LATERAL, EM PLASTICO, PARA VERGALHAO *4,2 A 12,5* MM, COBRIMENTO 20 MM | E52: Material | G52: UN | H52: 0.543 | I52: 0.22 | J52: 0.11
E53: MO sem LS => | F53: 1.28 | G53: LS => | H53: 0 | I53: MO com LS => | J53: 1.28
E54: Valor do BDI => | F54: 2.71 | H54: Valor com BDI => | J54: 12.58
A56: 2.1.4 | B56: Código | C56: Banco | D56: Descrição | E56: Tipo | G56: Und | H56: Quant. | I56: Valor Unit | J56: Total
A57: Composição | B57: 103669 | C57: SINAPI | D57: CONCRETAGEM DE PILARES, FCK = 25 MPA, COM USO DE BALDES - LANÇAMENTO, ADENSAMENTO E ACABAMENTO. AF_02/2022 | E57: Concretagem para Estruturas de Concreto Armado | G57: m³ | H57: 1 | I57: 1008.32 | J57: 1008.32
A58: Composição Auxiliar | B58: 88262 | C58: SINAPI | D58: CARPINTEIRO DE FORMAS COM ENCARGOS COMPLEMENTARES | E58: Livro SINAPI: Cálculos e Parâmetros | G58: H | H58: 2.459 | I58: 30.96 | J58: 76.13
A59: Composição Auxiliar | B59: 88309 | C59: SINAPI | D59: PEDREIRO COM ENCARGOS COMPLEMENTARES | E59: Livro SINAPI: Cálculos e Parâmetros | G59: H | H59: 2.459 | I59: 31.67 | J59: 77.87
A60: Composição Auxiliar | B60: 88316 | C60: SINAPI | D60: SERVENTE COM ENCARGOS COMPLEMENTARES | E60: Livro SINAPI: Cálculos e Parâmetros | G60: H | H60: 7.377 | I60: 23.58 | J60: 173.94
A61: Composição Auxiliar | B61: 90586 | C61: SINAPI | D61: VIBRADOR DE IMERSÃO, DIÂMETRO DE PONTEIRA 45MM, MOTOR ELÉTRICO TRIFÁSICO POTÊNCIA DE 2 CV - CHP DIURNO. AF_06/2015 | E61: Custos Horários Produtivo e Improdutivo dos Equipamentos | G61: CHP | H61: 1.042 | I61: 1.59 | J61: 1.65
A62: Composição Auxiliar | B62: 90587 | C62: SINAPI | D62: VIBRADOR DE IMERSÃO, DIÂMETRO DE PONTEIRA 45MM, MOTOR ELÉTRICO TRIFÁSICO POTÊNCIA DE 2 CV - CHI DIURNO. AF_06/2015 | E62: Custos Horários Produtivo e Improdutivo dos Equipamentos | G62: CHI | H62: 1.417 | I62: 0.6 | J62: 0.85
A63: Insumo | B63: 00038408 | C63: SINAPI | D63: CONCRETO USINADO BOMBEAVEL, CLASSE DE RESISTENCIA C25, COM BRITA 0 E 1, SLUMP = 190 +/- 20 MM, EXCLUI SERVICO DE BOMBEAMENTO (NBR 8953) | E63: Material | G63: m³ | H63: 1.103 | I63: 614.58 | J63: 677.88
E64: MO sem LS => | F64: 240.8 | G64: LS => | H64: 0 | I64: MO com LS => | J64: 240.8
E65: Valor do BDI => | F65: 277.69 | H65: Valor com BDI => | J65: 1286.01
A67: 2.2.1 | B67: Código | C67: Banco | D67: Descrição | E67: Tipo | G67: Und | H67: Quant. | I67: Valor Unit | J67: Total
A68: Composição | B68: 92467 | C68: SINAPI | D68: MONTAGEM E DESMONTAGEM DE FÔRMA DE VIGA, ESCORAMENTO COM GARFO DE MADEIRA, PÉ-DIREITO SIMPLES, EM CHAPA DE MADEIRA PLASTIFICADA, 10 UTILIZAÇÕES. AF_09/2020 | E68: Fôrmas para Estruturas de Concreto Armado | G68: m² | H68: 1 | I68: 105.11 | J68: 105.11
A69: Composição Auxiliar | B69: 92272 | C69: SINAPI | D69: FABRICAÇÃO DE ESCORAS DE VIGA DO TIPO GARFO, EM MADEIRA. AF_09/2020 | E69: Fôrmas para Estruturas de Concreto Armado | G69: M | H69: 1.038 | I69: 37.43 | J69: 38.85
A70: Composição Auxiliar | B70: 88239 | C70: SINAPI | D70: AJUDANTE DE CARPINTEIRO COM ENCARGOS COMPLEMENTARES | E70: Livro SINAPI: Cálculos e Parâmetros | G70: H | H70: 0.15 | I70: 25.54 | J70: 3.83
A71: Composição Auxiliar | B71: 88262 | C71: SINAPI | D71: CARPINTEIRO DE FORMAS COM ENCARGOS COMPLEMENTARES | E71: Livro SINAPI: Cálculos e Parâmetros | G71: H | H71: 0.817 | I71: 30.96 | J71: 25.29
A72: Composição Auxiliar | B72: 92266 | C72: SINAPI | D72: FABRICAÇÃO DE FÔRMA PARA VIGAS, EM CHAPA DE MADEIRA COMPENSADA PLASTIFICADA, E = 18 MM. AF_09/2020 | E72: Fôrmas para Estruturas de Concreto Armado | G72: m² | H72: 0.165 | I72: 163.32 | J72: 26.94
A73: Insumo | B73: 00002692 | C73: SINAPI | D73: DESMOLDANTE PROTETOR PARA FORMAS DE MADEIRA, DE BASE OLEOSA EMULSIONADA EM AGUA | E73: Material | G73: L | H73: 0.004 | I73: 6.38 | J73: 0.02
A74: Insumo | B74: 00040304 | C74: SINAPI | D74: PREGO DE ACO POLIDO COM CABECA DUPLA 17 X 27 (2 1/2 X 11) | E74: Material | G74: KG | H74: 0.049 | I74: 23.26 | J74: 1.13
A75: Insumo | B75: 00006193 | C75: SINAPI | D75: TABUA NAO APARELHADA *2,5 X 20* CM, EM MACARANDUBA/MASSARANDUBA, ANGELIM OU EQUIVALENTE DA REGIAO - BRUTA | E75: Material | G75: M | H75: 0.328 | I75: 27.62 | J75: 9.05
E76: MO sem LS => | F76: 35.16 | G76: LS => | H76: 0 | I76: MO com LS => | J76: 35.16
E77: Valor do BDI => | F77: 28.94 | H77: Valor com BDI => | J77: 134.05
A79: 2.2.3 | B79: Código | C79: Banco | D79: Descrição | E79: Tipo | G79: Und | H79: Quant. | I79: Valor Unit | J79: Total
A80: Composição | B80: 92769 | C80: SINAPI | D80: ARMAÇÃO DE LAJE DE ESTRUTURA CONVENCIONAL DE CONCRETO ARMADO UTILIZANDO AÇO CA-50 DE 6,3 MM - MONTAGEM. AF_06/2022 | E80: Armação para Estruturas de Concreto Armado | G80: KG | H80: 1 | I80: 11.71 | J80: 11.71
A81: Composição Auxiliar | B81: 92801 | C81: SINAPI | D81: CORTE E DOBRA DE AÇO CA-50, DIÂMETRO DE 6,3 MM. AF_06/2022 | E81: Armação para Estruturas de Concreto Armado | G81: KG | H81: 1 | I81: 8.81 | J81: 8.81
A82: Composição Auxiliar | B82: 88238 | C82: SINAPI | D82: AJUDANTE DE ARMADOR COM ENCARGOS COMPLEMENTARES | E82: Livro SINAPI: Cálculos e Parâmetros | G82: H | H82: 0.0098 | I82: 25.96 | J82: 0.25
A83: Composição Auxiliar | B83: 88245 | C83: SINAPI | D83: ARMADOR COM ENCARGOS COMPLEMENTARES | E83: Livro SINAPI: Cálculos e Parâmetros | G83: H | H83: 0.0597 | I83: 31.44 | J83: 1.87
A84: Insumo | B84: 00043132 | C84: SINAPI | D84: ARAME RECOZIDO 16 BWG, D = 1,65 MM (0,016 KG/M) OU 18 BWG, D = 1,25 MM (0,01 KG/M) | E84: Material | G84: KG | H84: 0.025 | I84: 19.92 | J84: 0.49
A85: Insumo | B85: 00039017 | C85: SINAPI | D85: ESPACADOR / DISTANCIADOR CIRCULAR COM ENTRADA LATERAL, EM PLASTICO, PARA VERGALHAO *4,2 A 12,5* MM, COBRIMENTO 20 MM | E85: Material | G85: UN | H85: 1.333 | I85: 0.22 | J85: 0.29
E86: MO sem LS => | F86: 2.46 | G86: LS => | H86: 0 | I86: MO com LS => | J86: 2.46
E87: Valor do BDI => | F87: 3.22 | H87: Valor com BDI => | J87: 14.93
A89: 2.2.5 | B89: Código | C89: Banco | D89: Descrição | E89: Tipo | G89: Und | H89: Quant. | I89: Valor Unit | J89: Total
A90: Composição | B90: 103675 | C90: SINAPI | D90: CONCRETAGEM DE VIGAS E LAJES, FCK=25 MPA, PARA LAJES MACIÇAS OU NERVURADAS COM USO DE BOMBA - LANÇAMENTO, ADENSAMENTO E ACABAMENTO. AF_02/2022_PS | E90: Concretagem para Estruturas de Concreto Armado | G90: m³ | H90: 1 | I90: 686.3 | J90: 686.3
A91: Composição Auxiliar | B91: 88316 | C91: SINAPI | D91: SERVENTE COM ENCARGOS COMPLEMENTARES | E91: Livro SINAPI: Cálculos e Parâmetros | G91: H | H91: 0.826 | I91: 23.58 | J91: 19.47
A92: Composição Auxiliar | B92: 90586 | C92: SINAPI | D92: VIBRADOR DE IMERSÃO, DIÂMETRO DE PONTEIRA 45MM, MOTOR ELÉTRICO TRIFÁSICO POTÊNCIA DE 2 CV - CHP DIURNO. AF_06/2015 | E92: Custos Horários Produtivo e Improdutivo dos Equipamentos | G92: CHP | H92: 0.12 | I92: 1.59 | J92: 0.19
A93: Composição Auxiliar | B93: 90587 | C93: SINAPI | D93: VIBRADOR DE IMERSÃO, DIÂMETRO DE PONTEIRA 45MM, MOTOR ELÉTRICO TRIFÁSICO POTÊNCIA DE 2 CV - CHI DIURNO. AF_06/2015 | E93: Custos Horários Produtivo e Improdutivo dos Equipamentos | G93: CHI | H93: 0.131 | I93: 0.6 | J93: 0.07
A94: Composição Auxiliar | B94: 88262 | C94: SINAPI | D94: CARPINTEIRO DE FORMAS COM ENCARGOS COMPLEMENTARES | E94: Livro SINAPI: Cálculos e Parâmetros | G94: H | H94: 0.125 | I94: 30.96 | J94: 3.87
A95: Composição Auxiliar | B95: 88309 | C95: SINAPI | D95: PEDREIRO COM ENCARGOS COMPLEMENTARES | E95: Livro SINAPI: Cálculos e Parâmetros | G95: H | H95: 0.753 | I95: 31.67 | J95: 23.84
A96: Insumo | B96: 00001527 | C96: SINAPI | D96: CONCRETO USINADO BOMBEAVEL, CLASSE DE RESISTENCIA C25, BRITA 0 E 1, SLUMP = 100 +/- 20 MM, COM BOMBEAMENTO (DISPONIBILIZACAO DE BOMBA), SEM O LANCAMENTO (NBR 8953) | E96: Material | G96: m³ | H96: 1.103 | I96: 579.21 | J96: 638.86
E97: MO sem LS => | F97: 34.99 | G97: LS => | H97: 0 | I97: MO com LS => | J97: 34.99
E98: Valor do BDI => | F98: 189 | H98: Valor com BDI => | J98: 875.3
A100: 3.1.1 | B100: Código | C100: Banco | D100: Descrição | E100: Tipo | G100: Und | H100: Quant. | I100: Valor Unit | J100: Total
A101: Composição | B101: 98555 | C101: SINAPI | D101: IMPERMEABILIZAÇÃO DE SUPERFÍCIE COM ARGAMASSA POLIMÉRICA / MEMBRANA ACRÍLICA, 3 DEMÃOS. AF_09/2023 | E101: Impermeabilização, Proteção Mecânica e Tratamento de Junta | G101: m² | H101: 1 | I101: 33.38 | J101: 33.38
A102: Composição Auxiliar | B102: 88243 | C102: SINAPI | D102: AJUDANTE ESPECIALIZADO COM ENCARGOS COMPLEMENTARES | E102: Livro SINAPI: Cálculos e Parâmetros | G102: H | H102: 0.1362 | I102: 27.46 | J102: 3.74
A103: Composição Auxiliar | B103: 88270 | C103: SINAPI | D103: IMPERMEABILIZADOR COM ENCARGOS COMPLEMENTARES | E103: Livro SINAPI: Cálculos e Parâmetros | G103: H | H103: 0.6039 | I103: 31.67 | J103: 19.12
A104: Insumo | B104: 00000135 | C104: SINAPI | D104: ARGAMASSA POLIMERICA IMPERMEABILIZANTE SEMIFLEXIVEL, BICOMPONENTE, A BASE DE CIMENTO E ADITIVOS | E104: Material | G104: KG | H104: 3.4615 | I104: 3.04 | J104: 10.52
E105: MO sem LS => | F105: 17.52 | G105: LS => | H105: 0 | I105: MO com LS => | J105: 17.52
E106: Valor do BDI => | F106: 9.19 | H106: Valor com BDI => | J106: 42.57
A108: 4.1.1 | B108: Código | C108: Banco | D108: Descrição | E108: Tipo | G108: Und | H108: Quant. | I108: Valor Unit | J108: Total
A109: Composição | B109: 103324 | C109: SINAPI | D109: ALVENARIA DE VEDAÇÃO DE BLOCOS CERÂMICOS FURADOS NA VERTICAL DE 14X19X39 CM (ESPESSURA 14 CM) E ARGAMASSA DE ASSENTAMENTO COM PREPARO EM BETONEIRA. AF_12/2021 | E109: Alvenaria de Vedação | G109: m² | H109: 1 | I109: 91.45 | J109: 91.45
A110: Composição Auxiliar | B110: 87292 | C110: SINAPI | D110: ARGAMASSA TRAÇO 1:2:8 (EM VOLUME DE CIMENTO, CAL E AREIA MÉDIA ÚMIDA) PARA EMBOÇO/MASSA ÚNICA/ASSENTAMENTO DE ALVENARIA DE VEDAÇÃO, PREPARO MECÂNICO COM BETONEIRA 400 L. AF_08/2019 | E110: Argamassas | G110: m³ | H110: 0.0118 | I110: 711 | J110: 8.38
A111: Composição Auxiliar | B111: 88316 | C111: SINAPI | D111: SERVENTE COM ENCARGOS COMPLEMENTARES | E111: Livro SINAPI: Cálculos e Parâmetros | G111: H | H111: 0.43 | I111: 23.58 | J111: 10.13
...

Sheet BDI
E1: MIN | F1: MED | G1: MAX | O1: ="Quadro de Composição do BDI" -> Quadro de Composição do BDI | R1: Grau de Sigilo
A2: Construção e Reforma de Edifícios | B2: AC | C2: =CONCATENATE(A2,"-",B2) -> Construção e Reforma de Edifícios-AC | E2: 0.03 | F2: 0.04 | G2: 0.055 | R2: #PUBLICO
A3: =A2 -> Construção e Reforma de Edifícios | B3: SG | C3: =CONCATENATE(A3,"-",B3) -> Construção e Reforma de Edifícios-SG | E3: 0.008 | F3: 0.008 | G3: 0.01
J4: PREFEITURA MUNICIPAL DE NOVA SERRANA ESTADO DE MINAS GERAIS CNPJ/MF N° 18.291.385/0001-59
J5: CONSTRUÇÃO DE UNIDADE DE ATENÇÃO ESPECIALIZADA EM SAÚDE (OBRA REMANESCENTE) - BAIRRO BELVEDERE - NOVA SERRANA/MG
A6: =A3 -> Construção e Reforma de Edifícios | B6: R | C6: =CONCATENATE(A6,"-",B6) -> Construção e Reforma de Edifícios-R | E6: 0.0097 | F6: 0.0127 | G6: 0.0127 | J6: Nº OPERAÇÃO | L6: Nº TRANSFEREGOV | N6: PROPONENTE / TOMADOR
A7: =#REF! -> #REF! | B7: BDI PAD | C7: =CONCATENATE(A7,"-",B7) -> #REF! | E7: 0.2034 | F7: 0.2212 | G7: 0.25 | J7: NOME DO EMPREENDIMENTO / DESCRIÇÃO DO LOTE
A8: Construção de Praças Urbanas, Rodovias, Ferrovias e recapeamento e pavimentação de vias urbanas | B8: AC | C8: =CONCATENATE(A8,"-",B8) -> Construção de Praças Urbanas, Rodovias, Ferrovias e recapeamento e pavimentação de vias urbanas-AC | E8: 0.038 | F8: 0.0401 | G8: 0.0467 | J8: FINALIZAÇÃO DA CONSTRUÇÃO DA POLICLÍNICA
A9: Construção de Praças Urbanas, Rodovias, Ferrovias e recapeamento e pavimentação de vias urbanas | B9: SG | C9: =CONCATENATE(A9,"-",B9) -> Construção de Praças Urbanas, Rodovias, Ferrovias e recapeamento e pavimentação de vias urbanas-SG | E9: 0.0032 | F9: 0.004 | G9: 0.0074
A10: Construção de Praças Urbanas, Rodovias, Ferrovias e recapeamento e pavimentação de vias urbanas | B10: R | C10: =CONCATENATE(A10,"-",B10) -> Construção de Praças Urbanas, Rodovias, Ferrovias e recapeamento e pavimentação de vias urbanas-R | E10: 0.005 | F10: 0.0056 | G10: 0.0097 | J10: Conforme legislação tributária municipal, definir estimativa de percentual da base de cálculo para o ISS: | R10: 1
A11: Construção de Praças Urbanas, Rodovias, Ferrovias e recapeamento e pavimentação de vias urbanas | B11: DF | C11: =CONCATENATE(A11,"-",B11) -> Construção de Praças Urbanas, Rodovias, Ferrovias e recapeamento e pavimentação de vias urbanas-DF | E11: 0.0102 | F11: 0.0111 | G11: 0.0121 | I11: ↓ | J11: Sobre a base de cálculo, definir a respectiva alíquota do ISS (entre 2% e 5%): | R11: 0.05
A12: Construção de Praças Urbanas, Rodovias, Ferrovias e recapeamento e pavimentação de vias urbanas | B12: L | C12: =CONCATENATE(A12,"-",B12) -> Construção de Praças Urbanas, Rodovias, Ferrovias e recapeamento e pavimentação de vias urbanas-L | E12: 0.0664 | F12: 0.073 | G12: 0.0869 | I12: F
A13: Construção de Praças Urbanas, Rodovias, Ferrovias e recapeamento e pavimentação de vias urbanas | B13: BDI PAD | C13: =CONCATENATE(A13,"-",B13) -> Construção de Praças Urbanas, Rodovias, Ferrovias e recapeamento e pavimentação de vias urbanas-BDI PAD | E13: 0.196 | F13: 0.2097 | G13: 0.2423 | I13: F
A14: Construção de Redes de Abastecimento de Água, Coleta de Esgoto | B14: AC | C14: =CONCATENATE(A14,"-",B14) -> Construção de Redes de Abastecimento de Água, Coleta de Esgoto-AC | E14: 0.0343 | F14: 0.0493 | G14: 0.0671 | I14: F | J14: BDI
A15: =A14 -> Construção de Redes de Abastecimento de Água, Coleta de Esgoto | B15: SG | C15: =CONCATENATE(A15,"-",B15) -> Construção de Redes de Abastecimento de Água, Coleta de Esgoto-SG | E15: 0.0028 | F15: 0.0049 | G15: 0.0075 | I15: F
A16: =A15 -> Construção de Redes de Abastecimento de Água, Coleta de Esgoto | B16: R | C16: =CONCATENATE(A16,"-",B16) -> Construção de Redes de Abastecimento de Água, Coleta de Esgoto-R | E16: 0.01 | F16: 0.0139 | G16: 0.0174 | I16: F | J16: TIPO DE OBRA
A17: =A16 -> Construção de Redes de Abastecimento de Água, Coleta de Esgoto | B17: DF | C17: =CONCATENATE(A17,"-",B17) -> Construção de Redes de Abastecimento de Água, Coleta de Esgoto-DF | E17: 0.0094 | F17: 0.0099 | G17: 0.0117 | I17: F | J17: Construção e Reforma de Edifícios | T17: =IF(U17="","","◄")
A18: =A17 -> Construção de Redes de Abastecimento de Água, Coleta de Esgoto | B18: L | C18: =CONCATENATE(A18,"-",B18) -> Construção de Redes de Abastecimento de Água, Coleta de Esgoto-L | E18: 0.0674 | F18: 0.0804 | G18: 0.094 | I18: F
A19: =A18 -> Construção de Redes de Abastecimento de Água, Coleta de Esgoto | B19: BDI PAD | C19: =CONCATENATE(A19,"-",B19) -> Construção de Redes de Abastecimento de Água, Coleta de Esgoto-BDI PAD | E19: 0.2076 | F19: 0.2418 | G19: 0.2644 | I19: F | J19: Itens | R19: Siglas | S19: % Adotado | U19: Situação | X19: 1º Quartil | Y19: Médio | Z19: 3º Quartil
A20: Construção e Manutenção de Estações e Redes de Distribuição de Energia Elétrica | B20: AC | C20: =CONCATENATE(A20,"-",B20) -> Construção e Manutenção de Estações e Redes de Distribuição de Energia Elétrica-AC | E20: 0.0529 | F20: 0.0592 | G20: 0.0793 | I20: F
A21: =A20 -> Construção e Manutenção de Estações e Redes de Distribuição de Energia Elétrica | B21: SG | C21: =CONCATENATE(A21,"-",B21) -> Construção e Manutenção de Estações e Redes de Distribuição de Energia Elétrica-SG | E21: 0.0025 | F21: 0.0051 | G21: 0.0056 | I21: F | J21: =IF($J$17=$A$146,"Encargos Sociais incidentes sobre a mão de obra","Administração Central") -> Administração Central | R21: =IF($J17=$A$146,"K1","AC") -> AC | S21: 0.03 | T21: =IF(AND($U$14<>"",S21=""),"◄","") | U21: =IFERROR(IF(AND(S21>=X21,S21<=Z21),"OK","FORA DO INTERVALO"),"-") -> OK | X21: 0.03 | Y21: 0.04 | Z21: 0.055
A22: =A21 -> Construção e Manutenção de Estações e Redes de Distribuição de Energia Elétrica | B22: R | C22: =CONCATENATE(A22,"-",B22) -> Construção e Manutenção de Estações e Redes de Distribuição de Energia Elétrica-R | E22: 0.01 | F22: 0.0148 | G22: 0.0197 | I22: F | J22: =IF($J$17=$A$146,"Administração Central da empresa ou consultoria - overhead","Seguro e Garantia") -> Seguro e Garantia | R22: =IF($J17=$A$146,"K2","SG") -> SG | S22: 0.008 | T22: =IF(AND($U$14<>"",S22=""),"◄","") | U22: =IFERROR(IF(AND(S22>=X22,S22<=Z22),"OK","FORA DO INTERVALO"),"-") -> OK | X22: 0.008 | Y22: 0.008 | Z22: 0.01
A23: =A22 -> Construção e Manutenção de Estações e Redes de Distribuição de Energia Elétrica | B23: DF | C23: =CONCATENATE(A23,"-",B23) -> Construção e Manutenção de Estações e Redes de Distribuição de Energia Elétrica-DF | E23: 0.0101 | F23: 0.0107 | G23: 0.0111 | I23: F | J23: =IF($J$17=$A$146,"","Risco") -> Risco | R23: =IF($J17=$A$146,"","R") -> R | S23: 0.0097 | T23: =IF(AND($U$14<>"",S23=""),"◄","") | U23: =IFERROR(IF(AND(S23>=X23,S23<=Z23),"OK","FORA DO INTERVALO"),"-") -> OK | X23: 0.0097 | Y23: 0.0127 | Z23: 0.0127
A24: =A23 -> Construção e Manutenção de Estações e Redes de Distribuição de Energia Elétrica | B24: L | C24: =CONCATENATE(A24,"-",B24) -> Construção e Manutenção de Estações e Redes de Distribuição de Energia Elétrica-L | E24: 0.08 | F24: 0.0831 | G24: 0.0951 | I24: F | J24: =IF($J$17=$A$146,"","Despesas Financeiras") -> Despesas Financeiras | R24: =IF($J17=$A$146,"","DF") -> DF | S24: 0.0059 | T24: =IF(AND($U$14<>"",S24=""),"◄","") | U24: =IFERROR(IF(AND(S24>=X24,S24<=Z24),"OK","FORA DO INTERVALO"),"-") -> OK | X24: 0.0059 | Y24: 0.0123 | Z24: 0.0139
A25: =A24 -> Construção e Manutenção de Estações e Redes de Distribuição de Energia Elétrica | B25: BDI PAD | C25: =CONCATENATE(A25,"-",B25) -> Construção e Manutenção de Estações e Redes de Distribuição de Energia Elétrica-BDI PAD | E25: 0.24 | F25: 0.2584 | G25: 0.2786 | I25: F | J25: =IF($J$17=$A$146,"Margem bruta da empresa de consultoria","Lucro") -> Lucro | R25: =IF($J17=$A$146,"K3","L") -> L | S25: 0.062 | T25: =IF(AND($U$14<>"",S25=""),"◄","") | U25: =IFERROR(IF(AND(S25>=X25,S25<=Z25),"OK","FORA DO INTERVALO"),"-") -> OK | X25: 0.0616 | Y25: 0.074 | Z25: 0.0896
A26: Obras Portuárias, Marítimas e Fluviais | B26: AC | C26: =CONCATENATE(A26,"-",B26) -> Obras Portuárias, Marítimas e Fluviais-AC | E26: 0.04 | F26: 0.0552 | G26: 0.0785 | I26: F | J26: Tributos (impostos COFINS 3%, e PIS 0,65%) | R26: CP | S26: 0.0365 | T26: =IF(AND($U$14<>"",S26=""),"◄","") | U26: =IFERROR(IF(AND(S26>=X26,S26<=Z26),"OK","FORA DO INTERVALO"),"-") -> OK | X26: 0.0365 | Y26: 0.0365 | Z26: 0.0365
A27: =A26 -> Obras Portuárias, Marítimas e Fluviais | B27: SG | C27: =CONCATENATE(A27,"-",B27) -> Obras Portuárias, Marítimas e Fluviais-SG | E27: 0.0081 | F27: 0.0122 | G27: 0.0199 | I27: F | J27: Tributos (ISS, variável de acordo com o município) | R27: ISS | S27: =IF(AND($J17<>$A$145,COUNTA(OFFSET(S20,1,0,6))>0),$R$11*$R$10,0) -> 0.05 | U27: =IFERROR(IF(AND(S27>=X27,S27<=Z27),"OK","FORA DO INTERVALO"),"-") -> OK | X27: 0 | Y27: 0.025 | Z27: 0.05
A28: =A27 -> Obras Portuárias, Marítimas e Fluviais | B28: R | C28: =CONCATENATE(A28,"-",B28) -> Obras Portuárias, Marítimas e Fluviais-R | E28: 0.0146 | F28: 0.0232 | G28: 0.0316 | I28: F | J28: Tributos (Contribuição Previdenciária sobre a Receita Bruta - Lei 12.546 de 14/12/2011 - Desoneração) | R28: CPRB | S28: 0.036 | U28: OK | X28: 0.036 | Y28: 0.036 | Z28: 0.036
A29: =A28 -> Obras Portuárias, Marítimas e Fluviais | B29: DF | C29: =CONCATENATE(A29,"-",B29) -> Obras Portuárias, Marítimas e Fluviais-DF | E29: 0.0094 | F29: 0.0102 | G29: 0.0133 | I29: F | J29: BDI SEM desoneração (Fórmula Acórdão TCU) | R29: BDI PAD | S29: 0.2251 | U29: =IFERROR(IF(OR($J$17=$A$146,$J$17=$A$145,AND(S29>=X29,S29<=Z29)),"OK","FORA DO INTERVALO"),IF(S29=0,"OK","Selecione o Tipo de obra")) -> OK | X29: 0.2034 | Y29: 0.2212 | Z29: 0.25
A30: =A29 -> Obras Portuárias, Marítimas e Fluviais | B30: L | C30: =CONCATENATE(A30,"-",B30) -> Obras Portuárias, Marítimas e Fluviais-L | E30: 0.0714 | F30: 0.084 | G30: 0.1043 | I30: F | J30: BDI COM desoneração | R30: BDI DES | S30: 0.2754
A31: =A30 -> Obras Portuárias, Marítimas e Fluviais | B31: BDI PAD | C31: =CONCATENATE(A31,"-",B31) -> Obras Portuárias, Marítimas e Fluviais-BDI PAD | E31: 0.228 | F31: 0.2748 | G31: 0.3095 | I31: F
A32: Fornecimento de Materiais e Equipamentos (aquisição indireta - em conjunto com licitação de obras) | B32: AC | C32: =CONCATENATE(A32,"-",B32) -> Fornecimento de Materiais e Equipamentos (aquisição indireta - em conjunto com licitação de obras)-AC | E32: 0.015 | F32: 0.0345 | G32: 0.0449 | I32: F | J32: =IF(U29<>"ok","X","") | K32: =IF(U29<>"ok","Anexo: Relatório Técnico Circunstanciado justificando a adoção do percentual de cada parcela do BDI.","")
A33: =A32 -> Fornecimento de Materiais e Equipamentos (aquisição indireta - em conjunto com licitação de obras) | B33: SG | C33: =CONCATENATE(A33,"-",B33) -> Fornecimento de Materiais e Equipamentos (aquisição indireta - em conjunto com licitação de obras)-SG | E33: 0.003 | F33: 0.0048 | G33: 0.0082 | I33: F
A34: =A33 -> Fornecimento de Materiais e Equipamentos (aquisição indireta - em conjunto com licitação de obras) | B34: R | C34: =CONCATENATE(A34,"-",B34) -> Fornecimento de Materiais e Equipamentos (aquisição indireta - em conjunto com licitação de obras)-R | E34: 0.0056 | F34: 0.0085 | G34: 0.0089 | I34: F | J34: Os valores de BDI foram calculados com o emprego da fórmula:
A35: =A34 -> Fornecimento de Materiais e Equipamentos (aquisição indireta - em conjunto com licitação de obras) | B35: DF | C35: =CONCATENATE(A35,"-",B35) -> Fornecimento de Materiais e Equipamentos (aquisição indireta - em conjunto com licitação de obras)-DF | E35: 0.0085 | F35: 0.0085 | G35: 0.0111 | I35: F | M35: BDI = | N35: =IF($J17=$A$146,"(1+K1+K2)*(1+K3)","(1+AC + S + R + G)*(1 + DF)*(1+L)") -> (1+AC + S + R + G)*(1 + DF)*(1+L) | Q35: - 1
A36: =A35 -> Fornecimento de Materiais e Equipamentos (aquisição indireta - em conjunto com licitação de obras) | B36: L | C36: =CONCATENATE(A36,"-",B36) -> Fornecimento de Materiais e Equipamentos (aquisição indireta - em conjunto com licitação de obras)-L | E36: 0.035 | F36: 0.0511 | G36: 0.0622 | I36: F | N36: (1-CP-ISS-CRPB)
A37: =A36 -> Fornecimento de Materiais e Equipamentos (aquisição indireta - em conjunto com licitação de obras) | B37: BDI PAD | C37: =CONCATENATE(A37,"-",B37) -> Fornecimento de Materiais e Equipamentos (aquisição indireta - em conjunto com licitação de obras)-BDI PAD | E37: 0.111 | F37: 0.1402 | G37: 0.168 | I37: F
A38: Fornecimento de Materiais e Equipamentos (aquisição direta) | B38: AC | C38: =CONCATENATE(A38,"-",B38) -> Fornecimento de Materiais e Equipamentos (aquisição direta)-AC | E38: - | F38: - | G38: - | I38: F | J38: =CONCATENATE("Declaro para os devidos fins que, conforme legislação tributária municipal, a base de cálculo deste tipo de obra corresponde à ",$R$10*100,"%, com a respectiva alíquota de ",$R$11*100,"%.") -> Declaro para os devidos fins que, conforme legislação tributária municipal, a base de cálculo deste tipo de obra corresponde à 100%, com a respectiva alíquota de 5%.
A39: Fornecimento de Materiais e Equipamentos (aquisição direta) | B39: SG | C39: =CONCATENATE(A39,"-",B39) -> Fornecimento de Materiais e Equipamentos (aquisição direta)-SG | E39: - | F39: - | G39: - | I39: F
A40: Fornecimento de Materiais e Equipamentos (aquisição direta) | B40: R | C40: =CONCATENATE(A40,"-",B40) -> Fornecimento de Materiais e Equipamentos (aquisição direta)-R | E40: - | F40: - | G40: - | I40: F | J40: Declaro para os devidos fins que o regime de Contribuição Previdenciária sobre a Receita Bruta adotado para elaboração do orçamento foi COM Desoneração, e que esta é a alternativa mais adequada para a Administração Pública.
A41: Fornecimento de Materiais e Equipamentos (aquisição direta) | B41: DF | C41: =CONCATENATE(A41,"-",B41) -> Fornecimento de Materiais e Equipamentos (aquisição direta)-DF | E41: - | F41: - | G41: - | I41: F
A42: Fornecimento de Materiais e Equipamentos (aquisição direta) | B42: L | C42: =CONCATENATE(A42,"-",B42) -> Fornecimento de Materiais e Equipamentos (aquisição direta)-L | E42: - | F42: - | G42: - | I42: F | J42: Observações:
A43: Fornecimento de Materiais e Equipamentos (aquisição direta) | B43: BDI PAD | C43: =CONCATENATE(A43,"-",B43) -> Fornecimento de Materiais e Equipamentos (aquisição direta)-BDI PAD | E43: - | F43: - | G43: - | I43: F
A44: Estudos e Projetos, Planos e Gerenciamento e outros correlatos | B44: K1 | C44: =CONCATENATE(A44,"-",B44) -> Estudos e Projetos, Planos e Gerenciamento e outros correlatos-K1 | E44: - | F44: - | G44: - | I44: F
A45: =A44 -> Estudos e Projetos, Planos e Gerenciamento e outros correlatos | B45: K2 | C45: =CONCATENATE(A45,"-",B45) -> Estudos e Projetos, Planos e Gerenciamento e outros correlatos-K2 | E45: - | F45: 0.2 | G45: - | I45: F | J45: Nova Serrana/MG | P45: 27 de março de 2026
A46: =A45 -> Estudos e Projetos, Planos e Gerenciamento e outros correlatos | C46: =CONCATENATE(A46,"-",B46) -> Estudos e Projetos, Planos e Gerenciamento e outros correlatos- | E46: - | F46: - | G46: - | I46: F | J46: Local | P46: Data
A47: =A46 -> Estudos e Projetos, Planos e Gerenciamento e outros correlatos | C47: =CONCATENATE(A47,"-",B47) -> Estudos e Projetos, Planos e Gerenciamento e outros correlatos- | E47: - | F47: - | G47: - | I47: F
A48: =A47 -> Estudos e Projetos, Planos e Gerenciamento e outros correlatos | B48: K3 | C48: =CONCATENATE(A48,"-",B48) -> Estudos e Projetos, Planos e Gerenciamento e outros correlatos-K3 | E48: - | F48: 0.12 | G48: - | I48: F
A49: =A48 -> Estudos e Projetos, Planos e Gerenciamento e outros correlatos | B49: BDI PAD | C49: =CONCATENATE(A49,"-",B49) -> Estudos e Projetos, Planos e Gerenciamento e outros correlatos-BDI PAD | E49: - | F49: - | G49: - | I49: F | J49: Responsável Técnico
I50: F | J50: Nome: | K50: Jhonathan Felipe Ribeiro
I51: F | J51: CREA/CAU: | K51: 200.188/MG
I52: F | J52: ART/RRT: | K52: MG20254029685
I53: F
I54: =IF($S$69=0,"","F") | J54: BDI 2 | U54: =IF(COUNTIF(#REF!,BDI_2.Título)=0,"",IF(OR(Import.BDI.Tipo2="(SELECIONAR)",Import.BDI.Tipo2="",U57<>"",S61=0,S62=0,S63=0,S64=0,S65=0,S66=0),"Falta preencher o BDI 2","")) -> #REF!
I55: =IF($S$69=0,"","F")
I56: =IF($S$69=0,"","F") | J56: TIPO DE OBRA
I57: =IF($S$69=0,"","F") | J57: (SELECIONAR) | T57: =IF(U57="","","◄") -> #REF! | U57: =IF(AND(OR(S69>0,COUNTIF(#REF!,BDI_2.Título)>0),OR(Import.BDI.Tipo2="(SELECIONAR)",Import.BDI.Tipo2="")),"Selecione o Tipo de obra","") -> #REF!
I58: =IF($S$69=0,"","F")
I59: =IF($S$69=0,"","F") | J59: Itens | R59: Siglas | S59: % Adotado | U59: Situação | X59: 1º Quartil | Y59: Médio | Z59: 3º Quartil
I60: =IF($S$69=0,"","F")
I61: =IF($S$69=0,"","F") | J61: =IF($J$17=$A$146,"Encargos Sociais incidentes sobre a mão de obra","Administração Central") -> Administração Central | R61: =IF($J57=$A$146,"K1","AC") -> AC | T61: =IF(AND($U$14<>"",S61=""),"◄","") | U61: =IFERROR(IF(AND(S61>=X61,S61<=Z61),"OK","FORA DO INTERVALO"),"-") -> - | X61: =VLOOKUP(CONCATENATE(J57,"-",R61),$C$2:$G$136,3,FALSE) -> #N/A | Y61: =VLOOKUP(CONCATENATE(J57,"-",R61),$C$2:$G$136,4,FALSE) -> #N/A | Z61: =VLOOKUP(CONCATENATE(J57,"-",R61),$C$2:$G$136,5,FALSE) -> #N/A
I62: =IF($S$69=0,"","F") | J62: =IF($J$17=$A$146,"Administração Central da empresa ou consultoria - overhead","Seguro e Garantia") -> Seguro e Garantia | R62: =IF($J57=$A$146,"K2","SG") -> SG | T62: =IF(AND($U$14<>"",S62=""),"◄","") | U62: =IFERROR(IF(AND(S62>=X62,S62<=Z62),"OK","FORA DO INTERVALO"),"-") -> - | X62: =VLOOKUP(CONCATENATE(J57,"-",R62),$C$2:$G$136,3,FALSE) -> #N/A | Y62: =VLOOKUP(CONCATENATE(J57,"-",R62),$C$2:$G$136,4,FALSE) -> #N/A | Z62: =VLOOKUP(CONCATENATE(J57,"-",R62),$C$2:$G$136,5,FALSE) -> #N/A
I63: =IF($S$69=0,"","F") | J63: =IF($J$17=$A$146,"","Risco") -> Risco | R63: =IF($J57=$A$146,"","R") -> R | T63: =IF(AND($U$14<>"",S63=""),"◄","") | U63: =IFERROR(IF(AND(S63>=X63,S63<=Z63),"OK","FORA DO INTERVALO"),"-") -> - | X63: =VLOOKUP(CONCATENATE(J57,"-",R63),$C$2:$G$136,3,FALSE) -> #N/A | Y63: =VLOOKUP(CONCATENATE(J57,"-",R63),$C$2:$G$136,4,FALSE) -> #N/A | Z63: =VLOOKUP(CONCATENATE(J57,"-",R63),$C$2:$G$136,5,FALSE) -> #N/A
I64: =IF($S$69=0,"","F") | J64: =IF($J$17=$A$146,"","Despesas Financeiras") -> Despesas Financeiras | R64: =IF($J57=$A$146,"","DF") -> DF | T64: =IF(AND($U$14<>"",S64=""),"◄","") | U64: =IFERROR(IF(AND(S64>=X64,S64<=Z64),"OK","FORA DO INTERVALO"),"-") -> - | X64: =VLOOKUP(CONCATENATE(J57,"-",R64),$C$2:$G$136,3,FALSE) -> #N/A | Y64: =VLOOKUP(CONCATENATE(J57,"-",R64),$C$2:$G$136,4,FALSE) -> #N/A | Z64: =VLOOKUP(CONCATENATE(J57,"-",R64),$C$2:$G$136,5,FALSE) -> #N/A
I65: =IF($S$69=0,"","F") | J65: =IF($J$17=$A$146,"Margem bruta da empresa de consultoria","Lucro") -> Lucro | R65: =IF($J57=$A$146,"K3","L") -> L | T65: =IF(AND($U$14<>"",S65=""),"◄","") | U65: =IFERROR(IF(AND(S65>=X65,S65<=Z65),"OK","FORA DO INTERVALO"),"-") -> - | X65: =VLOOKUP(CONCATENATE(J57,"-",R65),$C$2:$G$136,3,FALSE) -> #N/A | Y65: =VLOOKUP(CONCATENATE(J57,"-",R65),$C$2:$G$136,4,FALSE) -> #N/A | Z65: =VLOOKUP(CONCATENATE(J57,"-",R65),$C$2:$G$136,5,FALSE) -> #N/A
I66: =IF($S$69=0,"","F") | J66: Tributos (impostos COFINS 3%, e PIS 0,65%) | R66: CP | T66: =IF(AND($U$14<>"",S66=""),"◄","") | U66: =IFERROR(IF(AND(S66>=X66,S66<=Z66),"OK","FORA DO INTERVALO"),"-") -> FORA DO INTERVALO | X66: 0.0365 | Y66: 0.0365 | Z66: 0.0365
I67: =IF($S$69=0,"","F") | J67: Tributos (ISS, variável de acordo com o município) | R67: ISS | S67: =IF(AND($J57<>$A$145,COUNTA(OFFSET(S60,1,0,6))>0),$R$11*$R$10,0) -> 0 | U67: =IFERROR(IF(AND(S67>=X67,S67<=Z67),"OK","FORA DO INTERVALO"),"-") -> OK | X67: 0 | Y67: 0.025 | Z67: 0.05
I68: =IF($S$69=0,"","F") | J68: Tributos (Contribuição Previdenciária sobre a Receita Bruta - Lei 12.546 de 14/12/2011 - Desoneração) | R68: CPRB | S68: {=IF(BDI.Opcao<>"Desonerado",0,IF(AND($J57<>$A$145,COUNTA(OFFSET(S60,1,0,6))>0),IF(YEAR(Import.DataBase)<2025,4.5%,IF(YEAR(Import.DataBase)=2025,3.6%,IF(YEAR(Import.DataBase)=2026,2.7%,IF(YEAR(Import.DataBase)=2027,1.8%,0%)))),0%))} -> #REF! | U68: OK | X68: =$S68 -> #REF! | Y68: =$S68 -> #REF! | Z68: =$S68 -> #REF!
I69: =IF($S$69=0,"","F") | J69: BDI SEM desoneração (Fórmula Acórdão TCU) | R69: BDI PAD | S69: =IF($J57=$A$145,0,ROUND((((1+S61+S62+S63)*(1+S64)*(1+S65)/(1-(S66+S67)))-1),4)) -> 0 | U69: =IFERROR(IF(OR($J$17=$A$146,$J$17=$A$145,AND(S69>=X69,S69<=Z69)),"OK","FORA DO INTERVALO"),IF(S69=0,"OK","Selecione o Tipo de obra")) -> OK | X69: =IF($J57=$A$145,0,VLOOKUP(CONCATENATE($J57,"-",$R69),$C$2:$G$136,3,FALSE)) -> #N/A | Y69: =IF($J57=$A$145,0,VLOOKUP(CONCATENATE($J57,"-",$R69),$C$2:$G$136,4,FALSE)) -> #N/A | Z69: =IF($J57=$A$145,0,VLOOKUP(CONCATENATE($J57,"-",$R69),$C$2:$G$136,5,FALSE)) -> #N/A
I70: =IF($S$69=0,"","F") | J70: BDI COM desoneração | R70: BDI DES | S70: =IF($J57=$A$145,0,ROUND((((1+S61+S62+S63)*(1+S64)*(1+S65)/(1-(S66+S67+S68)))-1),4)) -> #REF!
I71: =IF($S$69=0,"","F")
I72: =IF($S$69=0,"","F") | J72: =IF(U69<>"ok","X","") | K72: =IF(U69<>"ok","Anexo: Relatório Técnico Circunstanciado justificando a adoção do percentual de cada parcela do BDI.","")
I73: =IF($S$69=0,"","F")
I74: =IF($S$69=0,"","F") | J74: Os valores de BDI foram calculados com o emprego da fórmula:
I75: =IF($S$69=0,"","F") | M75: BDI = | N75: =IF($J57=$A$146,"(1+K1+K2)*(1+K3)","(1+AC + S + R + G)*(1 + DF)*(1+L)") -> (1+AC + S + R + G)*(1 + DF)*(1+L) | Q75: - 1
I76: =IF($S$69=0,"","F") | N76: (1-CP-ISS-CRPB)
I77: =IF($S$69=0,"","F")
I78: =IF($S$69=0,"","F") | J78: =CONCATENATE("Declaro para os devidos fins que, conforme legislação tributária municipal, a base de cálculo deste tipo de obra corresponde à ",$R$10*100,"%, com a respectiva alíquota de ",$R$11*100,"%.") -> Declaro para os devidos fins que, conforme legislação tributária municipal, a base de cálculo deste tipo de obra corresponde à 100%, com a respectiva alíquota de 5%.
I79: =IF($S$69=0,"","F")
I80: =IF($S$69=0,"","F") | J80: =CONCATENATE("Declaro para os devidos fins que o regime de Contribuição Previdenciária sobre a Receita Bruta adotado para elaboração do orçamento foi ",IF(DESONERACAO="Sim","COM","SEM")," Desoneração, e que esta é a alternativa mais adequada para a Administração Pública.") -> #VALUE!
I81: =IF($S$69=0,"","F")
I82: =IF($S$69=0,"","F") | J82: Observações:
I83: =IF($S$69=0,"","F")
I84: =IF($S$69=0,"","F")
I85: =IF($S$69=0,"","F") | J85: =Import.Município -> #REF! | P85: =#REF! -> #REF!
I86: =IF($S$69=0,"","F") | J86: Local | P86: Data
I87: =IF($S$69=0,"","F")
I88: =IF($S$69=0,"","F")
I89: =IF($S$69=0,"","F") | J89: Responsável Técnico
I90: =IF($S$69=0,"","F") | J90: Nome: | K90: {=Import.RespOrçamento} -> #REF!
I91: =IF($S$69=0,"","F") | J91: CREA/CAU: | K91: #REF!
I92: =IF($S$69=0,"","F") | J92: ART/RRT: | K92: #REF!
I93: =IF($S$69=0,"","F")
I94: =IF($S$109=0,"","F") | J94: BDI 3 | U94: =IF(COUNTIF(#REF!,BDI_3.Título)=0,"",IF(OR(Import.BDI.Tipo3="(SELECIONAR)",Import.BDI.Tipo3="",U97<>"",S101=0,S102=0,S103=0,S104=0,S105=0,S106=0),"Falta preencher o BDI 3","")) -> #REF!
I95: =IF($S$109=0,"","F")
I96: =IF($S$109=0,"","F") | J96: TIPO DE OBRA
I97: =IF($S$109=0,"","F") | J97: (SELECIONAR) | T97: =IF(U97="","","◄") -> #REF! | U97: =IF(AND(OR(S109>0,COUNTIF(#REF!,BDI_3.Título)>0),OR(Import.BDI.Tipo3="(SELECIONAR)",Import.BDI.Tipo3="")),"Selecione o Tipo de obra","") -> #REF!
I98: =IF($S$109=0,"","F")
I99: =IF($S$109=0,"","F") | J99: Itens | R99: Siglas | S99: % Adotado | U99: Situação | X99: 1º Quartil | Y99: Médio | Z99: 3º Quartil
I100: =IF($S$109=0,"","F")
...

Sheet CFF
A1: PREFEITURA MUNICIPAL DE NOVA SERRANA ESTADO DE MINAS GERAIS CNPJ/MF N° 18.291.385/0001-59
A2: Município: Nova Serrana - MG
A3: Projeto: CONSTRUÇÃO DE UNIDADE DE ATENÇÃO ESPECIALIZADA EM SAÚDE (OBRA REMANESCENTE)- BAIRRO BELVEDERE - NOVA SERRANA/MG
A4: CRONOGRAMA FÍSICO E FINANCEIRO DA OBRA
A5: ITEM | B5: DESCRIÇÃO | C5: VALOR DOS SERVIÇOS | E5: EXECUTADO 1ª LICITAÇÃO | G5: EXECUTADO 2ª LICITAÇÃO | I5: 1 | K5: =I5+1 -> 2 | M5: =K5+1 -> 3 | O5: =M5+1 -> 4 | Q5: =O5+1 -> 5 | S5: =Q5+1 -> 6 | U5: =S5+1 -> 7 | W5: =U5+1 -> 8
C6: R$ | D6: Peso % | E6: 576154.9 | G6: 256675.41 | I6: R$ | J6: Peso % | K6: R$ | L6: Peso % | M6: R$ | N6: Peso % | O6: R$ | P6: Peso % | Q6: R$ | R6: Peso % | S6: R$ | T6: Peso % | U6: R$ | V6: Peso % | W6: R$ | X6: Peso %
A7: ='Orçamento Sintético'!A8 -> 1 | B7: =VLOOKUP(A7,'Orçamento Sintético'!$A$7:$J$325,4,FALSE) -> SERVIÇOS PRELIMINARES E ADMINISTRAÇÃO LOCAL | C7: =VLOOKUP(A7,'Orçamento Sintético'!$A$7:$J$325,9,FALSE) -> 114993.74 | D7: =IFERROR(C7/$C$24,"") -> 0.04785567 | I7: =C7*J7 -> 1381.6756 | J7: 0.012015225 | K7: =$C7*L7 -> 8989.521 | L7: 0.078174003 | M7: =$C7*N7 -> 14964.561 | N7: 0.1301337 | O7: =$C7*P7 -> 19113.682 | P7: 0.16621498 | Q7: =$C7*R7 -> 20728.255 | R7: 0.1802555 | S7: =$C7*T7 -> 17894.385 | T7: 0.15561181 | U7: =$C7*V7 -> 16916.976 | V7: 0.14711215 | W7: =$C7*X7 -> 15004.684 | X7: 0.13048262 | Y7: =X7+V7+T7+R7+P7+N7+L7+J7 -> 1
A8: ='Orçamento Sintético'!A14 -> 2 | B8: =VLOOKUP(A8,'Orçamento Sintético'!$A$7:$J$325,4,FALSE) -> PLATIBANDA | C8: =VLOOKUP(A8,'Orçamento Sintético'!$A$7:$J$325,9,FALSE) -> 27668.53 | D8: =IFERROR(C8/$C$24,"") -> 0.011514505 | I8: =C8*J8 -> 0 | K8: =$C8*L8 -> 27668.53 | L8: 1 | M8: =$C8*N8 -> 0 | O8: =$C8*P8 -> 0 | Q8: =$C8*R8 -> 0 | S8: =$C8*T8 -> 0 | U8: =$C8*V8 -> 0 | W8: =$C8*X8 -> 0 | Y8: =X8+V8+T8+R8+P8+N8+L8+J8 -> 1
A9: ='Orçamento Sintético'!A26 -> 3 | B9: =VLOOKUP(A9,'Orçamento Sintético'!$A$7:$J$325,4,FALSE) -> IMPERMEABILIZAÇÕES | C9: =VLOOKUP(A9,'Orçamento Sintético'!$A$7:$J$325,9,FALSE) -> 4682.7 | D9: =IFERROR(C9/$C$24,"") -> 0.0019487473 | I9: =C9*J9 -> 0 | K9: =$C9*L9 -> 0 | M9: =$C9*N9 -> 4682.7 | N9: 1 | O9: =$C9*P9 -> 0 | Q9: =$C9*R9 -> 0 | S9: =$C9*T9 -> 0 | U9: =$C9*V9 -> 0 | W9: =$C9*X9 -> 0 | Y9: =X9+V9+T9+R9+P9+N9+L9+J9 -> 1
A10: ='Orçamento Sintético'!A29 -> 4 | B10: =VLOOKUP(A10,'Orçamento Sintético'!$A$7:$J$325,4,FALSE) -> SISTEMA DE VEDAÇÃO INTERNA E EXTERNA | C10: =VLOOKUP(A10,'Orçamento Sintético'!$A$7:$J$325,9,FALSE) -> 46564.26 | D10: =IFERROR(C10/$C$24,"") -> 0.019378132 | I10: =C10*J10 -> 0 | K10: =$C10*L10 -> 23282.13 | L10: 0.5 | M10: =$C10*N10 -> 23282.13 | N10: 0.5 | O10: =$C10*P10 -> 0 | Q10: =$C10*R10 -> 0 | S10: =$C10*T10 -> 0 | U10: =$C10*V10 -> 0 | W10: =$C10*X10 -> 0 | Y10: =X10+V10+T10+R10+P10+N10+L10+J10 -> 1
A11: ='Orçamento Sintético'!A39 -> 5 | B11: =VLOOKUP(A11,'Orçamento Sintético'!$A$7:$J$325,4,FALSE) -> COBERTURA E DRENAGEM | C11: =VLOOKUP(A11,'Orçamento Sintético'!$A$7:$J$325,9,FALSE) -> 157342.01 | D11: =IFERROR(C11/$C$24,"") -> 0.06547928 | I11: =C11*J11 -> 0 | K11: =$C11*L11 -> 0 | M11: =$C11*N11 -> 0 | O11: =$C11*P11 -> 78671.005 | P11: 0.5 | Q11: =$C11*R11 -> 78671.005 | R11: 0.5 | S11: =$C11*T11 -> 0 | U11: =$C11*V11 -> 0 | W11: =$C11*X11 -> 0 | Y11: =X11+V11+T11+R11+P11+N11+L11+J11 -> 1
A12: ='Orçamento Sintético'!A49 -> 6 | B12: =VLOOKUP(A12,'Orçamento Sintético'!$A$7:$J$325,4,FALSE) -> PAVIMENTAÇÃO | C12: =VLOOKUP(A12,'Orçamento Sintético'!$A$7:$J$325,9,FALSE) -> 144795.06 | D12: =IFERROR(C12/$C$24,"") -> 0.060257755 | I12: =C12*J12 -> 0 | K12: =$C12*L12 -> 72397.53 | L12: 0.5 | M12: =$C12*N12 -> 36198.765 | N12: 0.25 | O12: =$C12*P12 -> 36198.765 | P12: 0.25 | Q12: =$C12*R12 -> 0 | S12: =$C12*T12 -> 0 | U12: =$C12*V12 -> 0 | W12: =$C12*X12 -> 0 | Y12: =X12+V12+T12+R12+P12+N12+L12+J12 -> 1
A13: ='Orçamento Sintético'!A59 -> 7 | B13: =VLOOKUP(A13,'Orçamento Sintético'!$A$7:$J$325,4,FALSE) -> REVESTIMENTOS | C13: =VLOOKUP(A13,'Orçamento Sintético'!$A$7:$J$325,9,FALSE) -> 262298.03 | D13: =IFERROR(C13/$C$24,"") -> 0.10915766 | I13: =C13*J13 -> 0 | K13: =$C13*L13 -> 26229.803 | L13: 0.1 | M13: =$C13*N13 -> 52459.606 | N13: 0.2 | O13: =$C13*P13 -> 52459.606 | P13: 0.2 | Q13: =$C13*R13 -> 65574.508 | R13: 0.25 | S13: =$C13*T13 -> 65574.508 | T13: 0.25 | U13: =$C13*V13 -> 0 | W13: =$C13*X13 -> 0 | Y13: =X13+V13+T13+R13+P13+N13+L13+J13 -> 1
A14: ='Orçamento Sintético'!A69 -> 8 | B14: =VLOOKUP(A14,'Orçamento Sintético'!$A$7:$J$325,4,FALSE) -> REVETIMENTOS CERÂMICOS E MÁRMORES/GRANITOS | C14: =VLOOKUP(A14,'Orçamento Sintético'!$A$7:$J$325,9,FALSE) -> 278230.75 | D14: =IFERROR(C14/$C$24,"") -> 0.11578821 | I14: =C14*J14 -> 0 | K14: =$C14*L14 -> 0 | M14: =$C14*N14 -> 111292.3 | N14: 0.4 | O14: =$C14*P14 -> 83469.225 | P14: 0.3 | Q14: =$C14*R14 -> 83469.225 | R14: 0.3 | S14: =$C14*T14 -> 0 | U14: =$C14*V14 -> 0 | W14: =$C14*X14 -> 0 | Y14: =X14+V14+T14+R14+P14+N14+L14+J14 -> 1
A15: ='Orçamento Sintético'!A79 -> 9 | B15: =VLOOKUP(A15,'Orçamento Sintético'!$A$7:$J$325,4,FALSE) -> PINTURA | C15: =VLOOKUP(A15,'Orçamento Sintético'!$A$7:$J$325,9,FALSE) -> 246216.71 | D15: =IFERROR(C15/$C$24,"") -> 0.10246528 | I15: =C15*J15 -> 0 | K15: =$C15*L15 -> 0 | M15: =$C15*N15 -> 0 | O15: =$C15*P15 -> 0 | Q15: =$C15*R15 -> 0 | S15: =$C15*T15 -> 61554.177 | T15: 0.25 | U15: =$C15*V15 -> 123108.35 | V15: 0.5 | W15: =$C15*X15 -> 61554.177 | X15: 0.25 | Y15: =X15+V15+T15+R15+P15+N15+L15+J15 -> 1
A16: ='Orçamento Sintético'!A95 -> 10 | B16: =VLOOKUP(A16,'Orçamento Sintético'!$A$7:$J$325,4,FALSE) -> ESQUADRIAS | C16: =VLOOKUP(A16,'Orçamento Sintético'!$A$7:$J$325,9,FALSE) -> 213165.35 | D16: =IFERROR(C16/$C$24,"") -> 0.08871066 | I16: =C16*J16 -> 0 | K16: =$C16*L16 -> 0 | M16: =$C16*N16 -> 0 | O16: =$C16*P16 -> 53291.338 | P16: 0.25 | Q16: =$C16*R16 -> 106582.68 | R16: 0.5 | S16: =$C16*T16 -> 53291.338 | T16: 0.25 | U16: =$C16*V16 -> 0 | W16: =$C16*X16 -> 0 | Y16: =X16+V16+T16+R16+P16+N16+L16+J16 -> 1
A17: ='Orçamento Sintético'!A110 -> 11 | B17: =VLOOKUP(A17,'Orçamento Sintético'!$A$7:$J$325,4,FALSE) -> INSTALAÇÕES ELÉTRICAS | C17: =VLOOKUP(A17,'Orçamento Sintético'!$A$7:$J$325,9,FALSE) -> 341493.7 | D17: =IFERROR(C17/$C$24,"") -> 0.14211565 | I17: =C17*J17 -> 17074.685 | J17: 0.05 | K17: =$C17*L17 -> 17074.685 | L17: 0.05 | M17: =$C17*N17 -> 34149.37 | N17: 0.1 | O17: =$C17*P17 -> 34149.37 | P17: 0.1 | Q17: =$C17*R17 -> 34149.37 | R17: 0.1 | S17: =$C17*T17 -> 68298.74 | T17: 0.2 | U17: =$C17*V17 -> 68298.74 | V17: 0.2 | W17: =$C17*X17 -> 68298.74 | X17: 0.2 | Y17: =X17+V17+T17+R17+P17+N17+L17+J17 -> 1
A18: ='Orçamento Sintético'!A177 -> 12 | B18: =VLOOKUP(A18,'Orçamento Sintético'!$A$7:$J$325,4,FALSE) -> INSTALAÇÕES HIDROSANITÁRIAS E DRENAGEM | C18: =VLOOKUP(A18,'Orçamento Sintético'!$A$7:$J$325,9,FALSE) -> 124958.42 | D18: =IFERROR(C18/$C$24,"") -> 0.05200256 | I18: =C18*J18 -> 12495.842 | J18: 0.1 | K18: =$C18*L18 -> 12495.842 | L18: 0.1 | M18: =$C18*N18 -> 24991.684 | N18: 0.2 | O18: =$C18*P18 -> 37487.526 | P18: 0.3 | Q18: =$C18*R18 -> 37487.526 | R18: 0.3 | S18: =$C18*T18 -> 0 | U18: =$C18*V18 -> 0 | W18: =$C18*X18 -> 0 | Y18: =X18+V18+T18+R18+P18+N18+L18+J18 -> 1
A19: ='Orçamento Sintético'!A264 -> 13 | B19: =VLOOKUP(A19,'Orçamento Sintético'!$A$7:$J$325,4,FALSE) -> BANCADAS, LOUÇAS, METAIS E ACESSÓRIOS | C19: =VLOOKUP(A19,'Orçamento Sintético'!$A$7:$J$325,9,FALSE) -> 95701.94 | D19: =IFERROR(C19/$C$24,"") -> 0.039827215 | I19: =C19*J19 -> 0 | K19: =$C19*L19 -> 0 | M19: =$C19*N19 -> 0 | O19: =$C19*P19 -> 0 | Q19: =$C19*R19 -> 0 | S19: =$C19*T19 -> 47850.97 | T19: 0.5 | U19: =$C19*V19 -> 23925.485 | V19: 0.25 | W19: =$C19*X19 -> 23925.485 | X19: 0.25 | Y19: =X19+V19+T19+R19+P19+N19+L19+J19 -> 1
A20: ='Orçamento Sintético'!A286 -> 14 | B20: =VLOOKUP(A20,'Orçamento Sintético'!$A$7:$J$325,4,FALSE) -> SISTEMA DE PROTEÇÃO CONTRA INCÊNCIO E PÂNICO | C20: =VLOOKUP(A20,'Orçamento Sintético'!$A$7:$J$325,9,FALSE) -> 68706.36 | D20: =IFERROR(C20/$C$24,"") -> 0.028592764 | I20: =C20*J20 -> 0 | K20: =$C20*L20 -> 0 | M20: =$C20*N20 -> 0 | O20: =$C20*P20 -> 0 | Q20: =$C20*R20 -> 0 | S20: =$C20*T20 -> 34353.18 | T20: 0.5 | U20: =$C20*V20 -> 17176.59 | V20: 0.25 | W20: =$C20*X20 -> 17176.59 | X20: 0.25 | Y20: =X20+V20+T20+R20+P20+N20+L20+J20 -> 1
A21: ='Orçamento Sintético'!A302 -> 15 | B21: =VLOOKUP(A21,'Orçamento Sintético'!$A$7:$J$325,4,FALSE) -> SISTEMA DE CLIMATIZAÇÃO | C21: =VLOOKUP(A21,'Orçamento Sintético'!$A$7:$J$325,9,FALSE) -> 175590.36 | D21: =IFERROR(C21/$C$24,"") -> 0.073073493 | I21: =C21*J21 -> 0 | K21: =$C21*L21 -> 0 | M21: =$C21*N21 -> 0 | O21: =$C21*P21 -> 0 | Q21: =$C21*R21 -> 0 | S21: =$C21*T21 -> 26338.554 | T21: 0.15 | U21: =$C21*V21 -> 26338.554 | V21: 0.15 | W21: =$C21*X21 -> 122913.25 | X21: 0.7 | Y21: =X21+V21+T21+R21+P21+N21+L21+J21 -> 1
A22: ='Orçamento Sintético'!A320 -> 16 | B22: =VLOOKUP(A22,'Orçamento Sintético'!$A$7:$J$325,4,FALSE) -> EQUIPAMENTOS | C22: =VLOOKUP(A22,'Orçamento Sintético'!$A$7:$J$325,9,FALSE) -> 85704.81 | D22: =IFERROR(C22/$C$24,"") -> 0.035666821 | I22: =C22*J22 -> 0 | K22: =$C22*L22 -> 0 | M22: =$C22*N22 -> 0 | O22: =$C22*P22 -> 0 | Q22: =$C22*R22 -> 0 | S22: =$C22*T22 -> 0 | U22: =$C22*V22 -> 85704.81 | V22: 1 | W22: =$C22*X22 -> 0 | Y22: =X22+V22+T22+R22+P22+N22+L22+J22 -> 1
A23: ='Orçamento Sintético'!A323 -> 17 | B23: =VLOOKUP(A23,'Orçamento Sintético'!$A$7:$J$325,4,FALSE) -> SERVIÇOS COMPLEMENTARES | C23: =VLOOKUP(A23,'Orçamento Sintético'!$A$7:$J$325,9,FALSE) -> 14815.5 | D23: =IFERROR(C23/$C$24,"") -> 0.0061656024 | I23: =C23*J23 -> 0 | K23: =$C23*L23 -> 0 | M23: =$C23*N23 -> 0 | O23: =$C23*P23 -> 0 | Q23: =$C23*R23 -> 0 | S23: =$C23*T23 -> 0 | U23: =$C23*V23 -> 0 | W23: =$C23*X23 -> 14815.5 | X23: 1 | Y23: =X23+V23+T23+R23+P23+N23+L23+J23 -> 1
A24: TOTAIS | C24: =SUM(C7:C23) -> 2402928.2 | D24: =SUM(D7:D23) -> 1 | E24: BR LEÃO CONSTRUTORA LTDA EPP | G24: ESTRUTURAL EDIFICAÇÕES E SERVIÇOS LTDA | I24: =SUM(I7:I23) -> 30952.203 | J24: =I24/$C$24 -> 0.012881035 | K24: =SUM(K7:K23) -> 188138.04 | L24: =K24/$C$24 -> 0.078295323 | M24: =SUM(M7:M23) -> 302021.12 | N24: =M24/$C$24 -> 0.12568878 | O24: =SUM(O7:O23) -> 394840.52 | P24: =O24/$C$24 -> 0.1643164 | Q24: =SUM(Q7:Q23) -> 426662.56 | R24: =Q24/$C$24 -> 0.17755943 | S24: =SUM(S7:S23) -> 375155.85 | T24: =S24/$C$24 -> 0.15612445 | U24: =SUM(U7:U23) -> 361469.51 | V24: =U24/$C$24 -> 0.15042876 | W24: =SUM(W7:W23) -> 323688.43 | X24: =W24/$C$24 -> 0.13470582
A25: TOTAIS ACUMULADOS | C25: =LARGE(I25:X25,1) -> 2402928.2 | D25: =IFERROR(C25/C24,0) -> 1 | I25: =I24 -> 30952.203 | J25: =J24 -> 0.012881035 | K25: =I25+K24 -> 219090.24 | L25: =L24+J25 -> 0.091176358 | M25: =K25+M24 -> 521111.36 | N25: =N24+L25 -> 0.21686514 | O25: =M25+O24 -> 915951.88 | P25: =P24+N25 -> 0.38118154 | Q25: =O25+Q24 -> 1342614.4 | R25: =R24+P25 -> 0.55874097 | S25: =Q25+S24 -> 1717770.3 | T25: =T24+R25 -> 0.71486542 | U25: =S25+U24 -> 2079239.8 | V25: =V24+T25 -> 0.86529418 | W25: =U25+W24 -> 2402928.2 | X25: =X24+V25 -> 1
A28: Nova Serrana, 27 de julho de 2026
A30: JHONATHAN FELIPE RIBEIRO | K30: CARLA FERNANDA FERREIRA
A31: ENGENHEIRO CIVIL - CREA/MG 200.188/MG | K31: SECRETÁRIA MUNICIPAL DE OBRAS E DESENVOLVIMENTO URBANO

Sheet Orçamento Sintético - OBSOLETO
A1: PREFEITURA MUNICIPAL DE NOVA SERRANA ESTADO DE MINAS GERAIS CNPJ/MF N° 18.291.385/0001-59
A4: CONSTRUÇÃO DE PRÉDIO PÚBLICO DE NOVA SERRANA
A5: Projeto: Construção de prédio público de Nova Serrana | E5: REFERÊNCIA DE PREÇOS
A6: Município: Nova Serrana | E6: Desonerado: embutido nos preços unitário dos insumos de mão de obra, de acordo com as bases.
A7: Endereço: Rua Libério Lopes, s/ nº - Dona Zeli III | E7: SINAPI - 05/2021 - Minas Gerais SBC - 06/2021 - Minas Gerais SEINFRA - 027 - Ceará | H7: SETOP - 04/2021 - Minas Gerais SUDECAP - 04/2021 - Minas Gerais
A8: BDI: | B8: 0.2522
A9: Valor Total Proposto: | C9: =I534 -> 4721339.6
A10: ORÇAMENTO SINTÉTICO- PROPOSTO
A11: Item | B11: Código | C11: Banco | D11: Descrição | E11: Und | F11: Quant. | G11: Valor Unit | H11: Valor Unit com BDI | I11: Total | J11: Peso (%)
A12: 1 | D12: SERVIÇOS PRELIMINARES | I12: 538859.44 | J12: 0.11413274
A13: 1.1 | D13: MOBILIZAÇÃO E CANTEIRO DE OBRAS | I13: 191446.54 | J13: 0.040549199
A14: 1.1.1 | B14: IIO-PLA-005 | C14: SETOP | D14: FORNECIMENTO E COLOCAÇÃO DE PLACA DE OBRA EM CHAPA GALVANIZADA (3,00 X 1,5 0 M) - EM CHAPA GALVANIZADA 0,26 AFIXADAS COM REBITES 540 E PARAFUSOS 3/8, EM ESTRUTURA METÁLICA VIGA U 2" ENRIJECIDA COM METALON 20 X 20, SUPORTE EM EUCALIPTO AUTOCLAVADO PINTADAS | E14: U | F14: 1 | G14: 1099.62 | H14: =TRUNC(G14 * (1 + 25.22 / 100), 2) -> 1376.94 | I14: =TRUNC(F14 * H14, 2) -> 1376.94 | J14: =I14 / $H$530 -> 1.5272522
A15: 1.1.2 | B15: 98459 | C15: SINAPI | D15: TAPUME COM TELHA METÁLICA. AF_05/2018 | E15: m² | F15: 606.49 | G15: 158.32 | H15: =TRUNC(G15 * (1 + 25.22 / 100), 2) -> 198.24 | I15: =TRUNC(F15 * H15, 2) -> 120230.57 | J15: =I15 / $H$530 -> 133.35541
A16: 1.1.3 | B16: 74077/002 | C16: SINAPI | D16: LOCACAO CONVENCIONAL DE OBRA, ATRAVÉS DE GABARITO DE TABUAS CORRIDAS PONTALETADAS, COM REAPROVEITAMENTO DE 10 VEZES. | E16: m² | F16: 901.63 | G16: 4.34 | H16: =TRUNC(G16 * (1 + 25.22 / 100), 2) -> 5.43 | I16: =TRUNC(F16 * H16, 2) -> 4895.85 | J16: =I16 / $H$530 -> 5.4303001
A17: 1.1.4 | B17: 012058 | C17: SBC | D17: ALUGUEL MENSAL CONTAINER-ALMOXARIFADO-6,0x2,4m | E17: MES | F17: 30 | G17: 668.75 | H17: =TRUNC(G17 * (1 + 25.22 / 100), 2) -> 837.4 | I17: =TRUNC(F17 * H17, 2) -> 25122 | J17: =I17 / $H$530 -> 27.864416
A18: 1.1.5 | B18: 012225 | C18: SBC | D18: ALUGUEL MENSAL CONTAINER | E18: MES | F18: 30 | G18: 417.96 | H18: =TRUNC(G18 * (1 + 25.22 / 100), 2) -> 523.36 | I18: =TRUNC(F18 * H18, 2) -> 15700.8 | J18: =I18 / $H$530 -> 17.414761
A19: 1.1.6 | B19: ED-16348 | C19: SETOP | D19: LOCAÇÃO DE CONTAINER COM ISOLAMENTO TÉRMICO, TIPO 1, PARA ESCRITÓRIO DE OBRA, COM MEDIDAS REFERENCIAIS DE (6) METROS COMPRIMENTO, (2,3) METROS LARGURA E (2,5) METROS ALTURA ÚTIL INTERNA, INCLUSIVE AR CONDICIONADO E LIGAÇÕES ELÉTRICAS INTERNAS, EXCLUSIVE MOBILIZAÇÃO/DESMOBILIZAÇÃO E LIGAÇÕES PROVISÓRIAS EXTERNAS | E19: MÊS | F19: 15 | G19: 622.57 | H19: =TRUNC(G19 * (1 + 25.22 / 100), 2) -> 779.58 | I19: =TRUNC(F19 * H19, 2) -> 11693.7 | J19: =I19 / $H$530 -> 12.97023
A20: 1.1.7 | B20: 01.09.01 | C20: SUDECAP | D20: MOBILIZACAO DE CONTAINER | E20: UN | F20: 5 | G20: 450 | H20: =TRUNC(G20 * (1 + 25.22 / 100), 2) -> 563.49 | I20: =TRUNC(F20 * H20, 2) -> 2817.45 | J20: =I20 / $H$530 -> 3.1250139
A21: 1.1.8 | B21: 01.09.11 | C21: SUDECAP | D21: DESMOBILIZAÇÃO DE CONTAINER | E21: UN | F21: 5 | G21: 450 | H21: =TRUNC(G21 * (1 + 25.22 / 100), 2) -> 563.49 | I21: =TRUNC(F21 * H21, 2) -> 2817.45 | J21: =I21 / $H$530 -> 3.1250139
A22: 1.1.9 | B22: 41598 | C22: SINAPI | D22: ENTRADA PROVISORIA DE ENERGIA ELETRICA AEREA TRIFASICA 40A EM POSTE MADEIRA | E22: UN | F22: 1 | G22: 2073.62 | H22: =TRUNC(G22 * (1 + 25.22 / 100), 2) -> 2596.58 | I22: =TRUNC(F22 * H22, 2) -> 2596.58 | J22: =I22 / $H$530 -> 2.8800328
A23: 1.1.10 | B23: COT- 001 | C23: Próprio | D23: LIGAÇÃO PROVISÓRIA DE ÁGUA E ESGOTO | E23: UN | F23: 1 | G23: 887.75 | H23: =TRUNC(G23 * (1 + 25.22 / 100), 2) -> 1111.64 | I23: =TRUNC(F23 * H23, 2) -> 1111.64 | J23: =I23 / $H$530 -> 1.232991
A24: 1.1.11 | B24: CPU- 509 | C24: Próprio | D24: Copia da SETOP (IIO-BAR-040) - BARRACÃO DE OBRA PARA REFEITÓRIO TIPO-I, ÁREA INTERNA 18,15M2, EM CHAPA DE COMPENSADO RESINADO (OBRA DE MÉDIO PORTE, EFETIVO DE 30 A 60 HOMENS), PADRÃO DEER-MG | E24: UN | F24: 1 | G24: 7039.53 | H24: =TRUNC(G24 * (1 + 25.22 / 100), 2) -> 8814.89 | I24: =TRUNC(F24 * H24, 2) -> 8814.89 | J24: =I24 / $H$530 -> 9.7771579
A25: 1.2 | D25: ADMINISTRAÇÃO LOCAL | I25: 347412.9 | J25: 0.073583543
A26: 1.2.1 | B26: 90777 | C26: SINAPI | D26: ENGENHEIRO CIVIL DE OBRA JUNIOR COM ENCARGOS COMPLEMENTARES | E26: H | F26: 660 | G26: 80.84 | H26: 101.22 | I26: 66805.2 | J26: 0.014149628
A27: 1.2.2 | B27: 93572 | C27: SINAPI | D27: ENCARREGADO GERAL DE OBRAS COM ENCARGOS COMPLEMENTARES | E27: MES | F27: 15 | G27: 7073.68 | H27: 8857.66 | I27: 132864.9 | J27: 0.028141356
A28: 1.2.3 | B28: 88326 | C28: SINAPI | D28: VIGIA NOTURNO COM ENCARGOS COMPLEMENTARES | E28: H | F28: 5400 | G28: 18.33 | H28: 22.95 | I28: 123930 | J28: 0.026248906
A29: 1.2.4 | B29: 100289 | C29: SINAPI | D29: VIGIA DIURNO COM ENCARGOS COMPLEMENTARES | E29: H | F29: 1320 | G29: 14.41 | H29: 18.04 | I29: 23812.8 | J29: 0.0050436532
A30: 2 | D30: MOVIMENTAÇÃO DE TERRA | I30: 27918.82 | J30: 0.0059133259
A31: 2.1 | D31: TERRAPLANAGEM E TALUDAMENTO | I31: 20109.87 | J31: 0.0042593568
A32: 2.1.1 | B32: 83336 | C32: SINAPI | D32: ESCAVACAO MECANICA PARA ACERTO DE TALUDES, EM MATERIAL DE 1A CATEGORIA, COM ESCAVADEIRA HIDRAULICA | E32: m³ | F32: 1507.55 | G32: 4.43 | H32: 5.54 | I32: 8351.82 | J32: 0.0017689513
A33: 2.1.2 | B33: 95875 | C33: SINAPI | D33: TRANSPORTE COM CAMINHÃO BASCULANTE DE 10 M³, EM VIA URBANA PAVIMENTADA, DMT ATÉ 30 KM (UNIDADE: M3XKM). AF_07/2020 | E33: M3XKM | F33: 5390.33 | G33: 1.63 | H33: 2.04 | I33: 10996.27 | J33: 0.0023290572
A34: 2.1.3 | B34: TER-ATE-020 | C34: SETOP | D34: ATERRO COMPACTADO COM ROLO VIBRATÓRIO A 95% DO P.N. | E34: m³ | F34: 518.22 | G34: 1.18 | H34: 1.47 | I34: 761.78 | J34: 0.00016134827
A35: 2.2 | D35: ESCAVAÇÕES | I35: 5474.04 | J35: 0.0011594252
A36: 2.2.1 | B36: CPU- 016 | C36: Próprio | D36: ESCAVAÇÃO MECANIZADA PARA VIGA BALDRAME, COM PREVISÃO DE FÔRMA, COM MINI-ESCAVADEIRA. AF_06/2017 | E36: m³ | F36: 90.54 | G36: 36.26 | H36: 45.4 | I36: 4110.51 | J36: 0.00087062366
A37: 2.2.2 | B37: 93382 | C37: SINAPI | D37: REATERRO MANUAL DE VALAS COM COMPACTAÇÃO MECANIZADA. AF_04/2016 | E37: m³ | F37: 45.27 | G37: 24.06 | H37: 30.12 | I37: 1363.53 | J37: 0.00028880151
A38: 2.3 | D38: PREPARO DE VALAS | I38: 2334.91 | J38: 0.00049454396
A39: 2.3.1 | B39: 94097 | C39: SINAPI | D39: PREPARO DE FUNDO DE VALA COM LARGURA MENOR QUE 1,5 M, EM LOCAL COM NÍVEL BAIXO DE INTERFERÊNCIA. AF_06/2016 | E39: m² | F39: 100.6 | G39: 4.38 | H39: 5.48 | I39: 551.28 | J39: 0.00011676347
A40: 2.3.2 | B40: 96617 | C40: SINAPI | D40: LASTRO DE CONCRETO MAGRO, APLICADO EM BLOCOS DE COROAMENTO OU SAPATAS, ESPESSURA DE 3 CM. AF_08/2017 | E40: m² | F40: 100.6 | G40: 14.16 | H40: 17.73 | I40: 1783.63 | J40: 0.00037778049
A41: 3 | D41: FUNDAÇÕES | I41: 346372.22 | J41: 0.073363123
A42: 3.1 | D42: ESTACAS | I42: 128538 | J42: 0.0272249
A43: 3.1.1 | B43: CPU- 507 | C43: Próprio | D43: Copia da SINAPI (90808) - ESTACA HÉLICE CONTÍNUA, DIÂMETRO DE 40 CM, COMPRIMENTO TOTAL ATÉ 15 M, PERFURATRIZ COM TORQUE DE 170 KN.M (EXCLUSIVE MOBILIZAÇÃO E DESMOBILIZAÇÃO). AF_02/2015 | E43: M | F43: 1260 | G43: 74.33 | H43: 93.07 | I43: 117268.2 | J43: 0.024837908
A44: 3.1.2 | B44: FUN-HEL-005 | C44: SETOP | D44: MOBILIZAÇÃO E DESMOBILIZAÇÃO DE EQUIPAMENTO PARA ESTACA TIPO HÉLICE CONTÍNUA DMT ATÉ 50 KM | E44: VB | F44: 1 | G44: 9000 | H44: 11269.8 | I44: 11269.8 | J44: 0.002386992
A45: 3.2 | D45: BLOCOS | I45: 71091.47 | J45: 0.015057478
A46: 3.2.1 | B46: 96543 | C46: SINAPI | D46: ARMAÇÃO DE BLOCO, VIGA BALDRAME E SAPATA UTILIZANDO AÇO CA-60 DE 5 MM - MONTAGEM. AF_06/2017 | E46: KG | F46: 201.55 | G46: 18.43 | H46: 23.07 | I46: 4649.75 | J46: 0.00098483701
A47: 3.2.2 | B47: 96544 | C47: SINAPI | D47: ARMAÇÃO DE BLOCO, VIGA BALDRAME OU SAPATA UTILIZANDO AÇO CA-50 DE 6,3 MM - MONTAGEM. AF_06/2017 | E47: KG | F47: 188.27 | G47: 17.71 | H47: 22.17 | I47: 4173.94 | J47: 0.00088405841
A48: 3.2.3 | B48: 96545 | C48: SINAPI | D48: ARMAÇÃO DE BLOCO, VIGA BALDRAME OU SAPATA UTILIZANDO AÇO CA-50 DE 8 MM - MONTAGEM. AF_06/2017 | E48: KG | F48: 133.73 | G48: 16.89 | H48: 21.14 | I48: 2827.05 | J48: 0.00059878132
A49: 3.2.4 | B49: 96546 | C49: SINAPI | D49: ARMAÇÃO DE BLOCO, VIGA BALDRAME OU SAPATA UTILIZANDO AÇO CA-50 DE 10 MM - MONTAGEM. AF_06/2017 | E49: KG | F49: 185 | G49: 15.24 | H49: 19.08 | I49: 3529.8 | J49: 0.00074762679
A50: 3.2.5 | B50: 96547 | C50: SINAPI | D50: ARMAÇÃO DE BLOCO, VIGA BALDRAME OU SAPATA UTILIZANDO AÇO CA-50 DE 12,5 MM - MONTAGEM. AF_06/2017 | E50: KG | F50: 908.8 | G50: 12.96 | H50: 16.22 | I50: 14740.73 | J50: 0.0031221499
A51: 3.2.6 | B51: 96534 | C51: SINAPI | D51: FABRICAÇÃO, MONTAGEM E DESMONTAGEM DE FÔRMA PARA BLOCO DE COROAMENTO, EM MADEIRA SERRADA, E=25 MM, 4 UTILIZAÇÕES. AF_06/2017 | E51: m² | F51: 182.19 | G51: 93.49 | H51: 117.06 | I51: 21327.16 | J51: 0.004517184
A52: 3.2.7 | B52: CPU- 002 | C52: Próprio | D52: CONCRETAGEM DE BLOCOS DE COROAMENTO E VIGAS BALDRAMES, FCK 20 MPA, COM USO DE BOMBA  LANÇAMENTO, ADENSAMENTO E ACABAMENTO. AF_06/2017 | E52: m³ | F52: 40.9 | G52: 387.45 | H52: 485.16 | I52: 19843.04 | J52: 0.004202841
A53: 3.3 | D53: VIGAS BALDRAMES | I53: 131584.35 | J53: 0.02787013
A54: 3.3.1 | B54: 96543 | C54: SINAPI | D54: ARMAÇÃO DE BLOCO, VIGA BALDRAME E SAPATA UTILIZANDO AÇO CA-60 DE 5 MM - MONTAGEM. AF_06/2017 | E54: KG | F54: 445 | G54: 18.43 | H54: 23.07 | I54: 10266.15 | J54: 0.0021744146
A55: 3.3.2 | B55: 96544 | C55: SINAPI | D55: ARMAÇÃO DE BLOCO, VIGA BALDRAME OU SAPATA UTILIZANDO AÇO CA-50 DE 6,3 MM - MONTAGEM. AF_06/2017 | E55: KG | F55: 67.09 | G55: 17.71 | H55: 22.17 | I55: 1487.38 | J55: 0.00031503347
A56: 3.3.3 | B56: 96545 | C56: SINAPI | D56: ARMAÇÃO DE BLOCO, VIGA BALDRAME OU SAPATA UTILIZANDO AÇO CA-50 DE 8 MM - MONTAGEM. AF_06/2017 | E56: KG | F56: 2.36 | G56: 16.89 | H56: 21.14 | I56: 49.89 | J56: 1.0566916e-05
A57: 3.3.4 | B57: 96546 | C57: SINAPI | D57: ARMAÇÃO DE BLOCO, VIGA BALDRAME OU SAPATA UTILIZANDO AÇO CA-50 DE 10 MM - MONTAGEM. AF_06/2017 | E57: KG | F57: 618.54 | G57: 15.24 | H57: 19.08 | I57: 11801.74 | J57: 0.0024996592
A58: 3.3.5 | B58: 96547 | C58: SINAPI | D58: ARMAÇÃO DE BLOCO, VIGA BALDRAME OU SAPATA UTILIZANDO AÇO CA-50 DE 12,5 MM - MONTAGEM. AF_06/2017 | E58: KG | F58: 1781 | G58: 12.96 | H58: 16.22 | I58: 28887.82 | J58: 0.0061185643
A59: 3.3.6 | B59: 96536 | C59: SINAPI | D59: FABRICAÇÃO, MONTAGEM E DESMONTAGEM DE FÔRMA PARA VIGA BALDRAME, EM MADEIRA SERRADA, E=25 MM, 4 UTILIZAÇÕES. AF_06/2017 | E59: m² | F59: 548.94 | G59: 83.11 | H59: 104.07 | I59: 57128.18 | J59: 0.012099994
A60: 3.3.7 | B60: CPU- 002 | C60: Próprio | D60: CONCRETAGEM DE BLOCOS DE COROAMENTO E VIGAS BALDRAMES, FCK 25 MPA, COM USO DE BOMBA  LANÇAMENTO, ADENSAMENTO E ACABAMENTO. AF_06/2017 | E60: m³ | F60: 45.27 | G60: 387.45 | H60: 485.16 | I60: 21963.19 | J60: 0.0046518979
A61: 3.4 | D61: IMPERMEABILIZAÇÕES | I61: 15158.4 | J61: 0.0032106142
A62: 3.4.1 | B62: 98557 | C62: SINAPI | D62: IMPERMEABILIZAÇÃO DE SUPERFÍCIE COM EMULSÃO ASFÁLTICA, 2 DEMÃOS AF_06/2018 | E62: m² | F62: 402.4 | G62: 30.09 | H62: 37.67 | I62: 15158.4 | J62: 0.0032106142
A63: 4 | D63: SUPERESTRUTURA | I63: 685938.41 | J63: 0.1452847
A64: 4.1 | D64: PILARES E ARRANQUES | I64: 125284.07 | J64: 0.026535704
A65: 4.1.1 | B65: 92759 | C65: SINAPI | D65: ARMAÇÃO DE PILAR OU VIGA DE UMA ESTRUTURA CONVENCIONAL DE CONCRETO ARMADO EM UM EDIFÍCIO DE MÚLTIPLOS PAVIMENTOS UTILIZANDO AÇO CA-60 DE 5,0 MM - MONTAGEM. AF_12/2015 | E65: KG | F65: 908.64 | G65: 16.28 | H65: 20.38 | I65: 18518.08 | J65: 0.0039222088
A66: 4.1.2 | B66: 92760 | C66: SINAPI | D66: ARMAÇÃO DE PILAR OU VIGA DE UMA ESTRUTURA CONVENCIONAL DE CONCRETO ARMADO EM UM EDIFÍCIO DE MÚLTIPLOS PAVIMENTOS UTILIZANDO AÇO CA-50 DE 6,3 MM - MONTAGEM. AF_12/2015 | E66: KG | F66: 2.36 | G66: 16.07 | H66: 20.12 | I66: 47.48 | J66: 1.0056468e-05
A67: 4.1.3 | B67: 92761 | C67: SINAPI | D67: ARMAÇÃO DE PILAR OU VIGA DE UMA ESTRUTURA CONVENCIONAL DE CONCRETO ARMADO EM UM EDIFÍCIO DE MÚLTIPLOS PAVIMENTOS UTILIZANDO AÇO CA-50 DE 8,0 MM - MONTAGEM. AF_12/2015 | E67: KG | F67: 9.45 | G67: 15.63 | H67: 19.57 | I67: 184.93 | J67: 3.9168968e-05
A68: 4.1.4 | B68: 92762 | C68: SINAPI | D68: ARMAÇÃO DE PILAR OU VIGA DE UMA ESTRUTURA CONVENCIONAL DE CONCRETO ARMADO EM UM EDIFÍCIO DE MÚLTIPLOS PAVIMENTOS UTILIZANDO AÇO CA-50 DE 10,0 MM - MONTAGEM. AF_12/2015 | E68: KG | F68: 686.91 | G68: 14.25 | H68: 17.84 | I68: 12254.47 | J68: 0.0025955493
A69: 4.1.5 | B69: 92763 | C69: SINAPI | D69: ARMAÇÃO DE PILAR OU VIGA DE UMA ESTRUTURA CONVENCIONAL DE CONCRETO ARMADO EM UM EDIFÍCIO DE MÚLTIPLOS PAVIMENTOS UTILIZANDO AÇO CA-50 DE 12,5 MM - MONTAGEM. AF_12/2015 | E69: KG | F69: 3106.3 | G69: 12.17 | H69: 15.23 | I69: 47308.94 | J69: 0.010020237
A70: 4.1.6 | B70: 92431 | C70: SINAPI | D70: MONTAGEM E DESMONTAGEM DE FÔRMA DE PILARES RETANGULARES E ESTRUTURAS SIMILARES, PÉ-DIREITO SIMPLES, EM CHAPA DE MADEIRA COMPENSADA PLASTIFICADA, 10 UTILIZAÇÕES. AF_09/2020 | E70: m² | F70: 547.18 | G70: 41.22 | H70: 51.61 | I70: 28239.95 | J70: 0.0059813426
A71: 4.1.7 | B71: 92720 | C71: SINAPI | D71: CONCRETAGEM DE PILARES, FCK = 25 MPA, COM USO DE BOMBA EM EDIFICAÇÃO COM SEÇÃO MÉDIA DE PILARES MENOR OU IGUAL A 0,25 M² - LANÇAMENTO, ADENSAMENTO E ACABAMENTO. AF_12/2015 | E71: m³ | F71: 39.16 | G71: 436.32 | H71: 478.3 | I71: 18730.22 | J71: 0.003967141
A72: 4.2 | D72: VIGAS- NÍVEIS 350 E 700 | I72: 226049.83 | J72: 0.047878324
A73: 4.2.1 | B73: 92759 | C73: SINAPI | D73: ARMAÇÃO DE PILAR OU VIGA DE UMA ESTRUTURA CONVENCIONAL DE CONCRETO ARMADO EM UM EDIFÍCIO DE MÚLTIPLOS PAVIMENTOS UTILIZANDO AÇO CA-60 DE 5,0 MM - MONTAGEM. AF_12/2015 | E73: KG | F73: 922.64 | G73: 16.28 | H73: 20.38 | I73: 18803.4 | J73: 0.0039826408
A74: 4.2.2 | B74: 92760 | C74: SINAPI | D74: ARMAÇÃO DE PILAR OU VIGA DE UMA ESTRUTURA CONVENCIONAL DE CONCRETO ARMADO EM UM EDIFÍCIO DE MÚLTIPLOS PAVIMENTOS UTILIZANDO AÇO CA-50 DE 6,3 MM - MONTAGEM. AF_12/2015 | E74: KG | F74: 96.73 | G74: 16.07 | H74: 20.12 | I74: 1946.2 | J74: 0.00041221351
A75: 4.2.3 | B75: 92761 | C75: SINAPI | D75: ARMAÇÃO DE PILAR OU VIGA DE UMA ESTRUTURA CONVENCIONAL DE CONCRETO ARMADO EM UM EDIFÍCIO DE MÚLTIPLOS PAVIMENTOS UTILIZANDO AÇO CA-50 DE 8,0 MM - MONTAGEM. AF_12/2015 | E75: KG | F75: 77.09 | G75: 15.63 | H75: 19.57 | I75: 1508.65 | J75: 0.00031953855
A76: 4.2.4 | B76: 92762 | C76: SINAPI | D76: ARMAÇÃO DE PILAR OU VIGA DE UMA ESTRUTURA CONVENCIONAL DE CONCRETO ARMADO EM UM EDIFÍCIO DE MÚLTIPLOS PAVIMENTOS UTILIZANDO AÇO CA-50 DE 10,0 MM - MONTAGEM. AF_12/2015 | E76: KG | F76: 768 | G76: 14.25 | H76: 17.84 | I76: 13701.12 | J76: 0.002901956
A77: 4.2.5 | B77: 92763 | C77: SINAPI | D77: ARMAÇÃO DE PILAR OU VIGA DE UMA ESTRUTURA CONVENCIONAL DE CONCRETO ARMADO EM UM EDIFÍCIO DE MÚLTIPLOS PAVIMENTOS UTILIZANDO AÇO CA-50 DE 12,5 MM - MONTAGEM. AF_12/2015 | E77: KG | F77: 4536.6 | G77: 12.17 | H77: 15.23 | I77: 69092.41 | J77: 0.014634069
A78: 4.2.6 | B78: 96542 | C78: SINAPI | D78: FABRICAÇÃO, MONTAGEM E DESMONTAGEM DE FÔRMA PARA VIGA BALDRAME, EM CHAPA DE MADEIRA COMPENSADA RESINADA, E=17 MM, 4 UTILIZAÇÕES. AF_06/2017 | E78: m² | F78: 966.63 | G78: 68.69 | H78: 86.01 | I78: 83139.84 | J78: 0.017609375
A79: 4.2.7 | B79: 92726 | C79: SINAPI | D79: CONCRETAGEM DE VIGAS E LAJES, FCK=20 MPA, PARA LAJES MACIÇAS OU NERVURADAS COM USO DE BOMBA EM EDIFICAÇÃO COM ÁREA MÉDIA DE LAJES MAIOR QUE 20 M² - LANÇAMENTO, ADENSAMENTO E ACABAMENTO. AF_12/2015 | E79: m³ | F79: 80.13 | G79: 377.31 | H79: 472.46 | I79: 37858.21 | J79: 0.0080185314
A80: 4.3 | D80: LAJES | I80: 285765.77 | J80: 0.060526417
A81: 4.3.1 | B81: 92768 | C81: SINAPI | D81: ARMAÇÃO DE LAJE DE UMA ESTRUTURA CONVENCIONAL DE CONCRETO ARMADO EM UM EDIFÍCIO DE MÚLTIPLOS PAVIMENTOS UTILIZANDO AÇO CA-60 DE 5,0 MM - MONTAGEM. AF_12/2015 | E81: KG | F81: 903 | G81: 15.18 | H81: 19 | I81: 17157 | J81: 0.0036339262
A82: 4.3.2 | B82: 92769 | C82: SINAPI | D82: ARMAÇÃO DE LAJE DE UMA ESTRUTURA CONVENCIONAL DE CONCRETO ARMADO EM UM EDIFÍCIO DE MÚLTIPLOS PAVIMENTOS UTILIZANDO AÇO CA-50 DE 6,3 MM - MONTAGEM. AF_12/2015 | E82: KG | F82: 1460 | G82: 15.25 | H82: 19.09 | I82: 27871.4 | J82: 0.0059032821
A83: 4.3.3 | B83: 92770 | C83: SINAPI | D83: ARMAÇÃO DE LAJE DE UMA ESTRUTURA CONVENCIONAL DE CONCRETO ARMADO EM UM EDIFÍCIO DE MÚLTIPLOS PAVIMENTOS UTILIZANDO AÇO CA-50 DE 8,0 MM - MONTAGEM. AF_12/2015 | E83: KG | F83: 7423.64 | G83: 14.99 | H83: 18.77 | I83: 139341.72 | J83: 0.029513174
A84: 4.3.4 | B84: 92726 | C84: SINAPI | D84: CONCRETAGEM DE VIGAS E LAJES, FCK=20 MPA, PARA LAJES MACIÇAS OU NERVURADAS COM USO DE BOMBA EM EDIFICAÇÃO COM ÁREA MÉDIA DE LAJES MAIOR QUE 20 M² - LANÇAMENTO, ADENSAMENTO E ACABAMENTO. AF_12/2015 | E84: m³ | F84: 145.07 | G84: 377.31 | H84: 472.46 | I84: 68539.77 | J84: 0.014517017
A85: 4.3.5 | B85: 92526 | C85: SINAPI | D85: MONTAGEM E DESMONTAGEM DE FÔRMA DE LAJE MACIÇA, PÉ-DIREITO SIMPLES, EM CHAPA DE MADEIRA COMPENSADA PLASTIFICADA, 10 UTILIZAÇÕES. AF_09/2020 | E85: m² | F85: 1211.5 | G85: 21.66 | H85: 27.12 | I85: 32855.88 | J85: 0.0069590164
A86: 4.4 | D86: VIGAS DA PLATIBANDA | I86: 19270.34 | J86: 0.0040815407
A87: 4.4.1 | B87: 92775 | C87: SINAPI | D87: ARMAÇÃO DE PILAR OU VIGA DE UMA ESTRUTURA CONVENCIONAL DE CONCRETO ARMADO EM UMA EDIFICAÇÃO TÉRREA OU SOBRADO UTILIZANDO AÇO CA-60 DE 5,0 MM - MONTAGEM. AF_12/2015 | E87: KG | F87: 110.09 | G87: 18.47 | H87: 23.12 | I87: 2545.28 | J87: 0.00053910123
A88: 4.4.2 | B88: 92917 | C88: SINAPI | D88: ARMAÇÃO DE ESTRUTURAS DE CONCRETO ARMADO, EXCETO VIGAS, PILARES, LAJES E FUNDAÇÕES, UTILIZANDO AÇO CA-50 DE 8,0 MM - MONTAGEM. AF_12/2015 | E88: KG | F88: 212.91 | G88: 16.26 | H88: 20.36 | I88: 4334.84 | J88: 0.00091813772
A89: 4.4.3 | B89: 92778 | C89: SINAPI | D89: ARMAÇÃO DE PILAR OU VIGA DE UMA ESTRUTURA CONVENCIONAL DE CONCRETO ARMADO EM UMA EDIFICAÇÃO TÉRREA OU SOBRADO UTILIZANDO AÇO CA-50 DE 10,0 MM - MONTAGEM. AF_12/2015 | E89: KG | F89: 4 | G89: 15.19 | H89: 19.02 | I89: 76.08 | J89: 1.6114071e-05
A90: 4.4.4 | B90: 92724 | C90: SINAPI | D90: CONCRETAGEM DE VIGAS E LAJES, FCK=20 MPA, PARA LAJES PREMOLDADAS COM USO DE BOMBA EM EDIFICAÇÃO COM ÁREA MÉDIA DE LAJES MAIOR QUE 20 M² - LANÇAMENTO, ADENSAMENTO E ACABAMENTO. AF_12/2015 | E90: m³ | F90: 7.59 | G90: 380.46 | H90: 476.41 | I90: 3615.95 | J90: 0.00076587373
A91: 4.4.5 | B91: 96542 | C91: SINAPI | D91: FABRICAÇÃO, MONTAGEM E DESMONTAGEM DE FÔRMA PARA VIGA BALDRAME, EM CHAPA DE MADEIRA COMPENSADA RESINADA, E=17 MM, 4 UTILIZAÇÕES. AF_06/2017 | E91: m² | F91: 101.13 | G91: 68.69 | H91: 86.01 | I91: 8698.19 | J91: 0.001842314
A92: 4.5 | D92: PILARES DA PLATIBANDA | I92: 9021.71 | J92: 0.0019108369
A93: 4.5.1 | B93: 92759 | C93: SINAPI | D93: ARMAÇÃO DE PILAR OU VIGA DE UMA ESTRUTURA CONVENCIONAL DE CONCRETO ARMADO EM UM EDIFÍCIO DE MÚLTIPLOS PAVIMENTOS UTILIZANDO AÇO CA-60 DE 5,0 MM - MONTAGEM. AF_12/2015 | E93: KG | F93: 76.09 | G93: 16.28 | H93: 20.38 | I93: 1550.71 | J93: 0.00032844703
A94: 4.5.2 | B94: 92762 | C94: SINAPI | D94: ARMAÇÃO DE PILAR OU VIGA DE UMA ESTRUTURA CONVENCIONAL DE CONCRETO ARMADO EM UM EDIFÍCIO DE MÚLTIPLOS PAVIMENTOS UTILIZANDO AÇO CA-50 DE 10,0 MM - MONTAGEM. AF_12/2015 | E94: KG | F94: 142 | G94: 14.25 | H94: 17.84 | I94: 2533.28 | J94: 0.00053655958
A95: 4.5.3 | B95: 92763 | C95: SINAPI | D95: ARMAÇÃO DE PILAR OU VIGA DE UMA ESTRUTURA CONVENCIONAL DE CONCRETO ARMADO EM UM EDIFÍCIO DE MÚLTIPLOS PAVIMENTOS UTILIZANDO AÇO CA-50 DE 12,5 MM - MONTAGEM. AF_12/2015 | E95: KG | F95: 34 | G95: 12.17 | H95: 15.23 | I95: 517.82 | J95: 0.0001096765
A96: 4.5.4 | B96: 92724 | C96: SINAPI | D96: CONCRETAGEM DE VIGAS E LAJES, FCK=20 MPA, PARA LAJES PREMOLDADAS COM USO DE BOMBA EM EDIFICAÇÃO COM ÁREA MÉDIA DE LAJES MAIOR QUE 20 M² - LANÇAMENTO, ADENSAMENTO E ACABAMENTO. AF_12/2015 | E96: m³ | F96: 3.51 | G96: 380.46 | H96: 476.41 | I96: 1672.19 | J96: 0.00035417702
A97: 4.5.5 | B97: 92431 | C97: SINAPI | D97: MONTAGEM E DESMONTAGEM DE FÔRMA DE PILARES RETANGULARES E ESTRUTURAS SIMILARES, PÉ-DIREITO SIMPLES, EM CHAPA DE MADEIRA COMPENSADA PLASTIFICADA, 10 UTILIZAÇÕES. AF_09/2020 | E97: m² | F97: 53.24 | G97: 41.22 | H97: 51.61 | I97: 2747.71 | J97: 0.00058197677
A98: 4.6 | D98: LAJE DA PLATIBANDA | I98: 923.47 | J98: 0.00019559491
A99: 4.6.1 | B99: 92759 | C99: SINAPI | D99: ARMAÇÃO DE PILAR OU VIGA DE UMA ESTRUTURA CONVENCIONAL DE CONCRETO ARMADO EM UM EDIFÍCIO DE MÚLTIPLOS PAVIMENTOS UTILIZANDO AÇO CA-60 DE 5,0 MM - MONTAGEM. AF_12/2015 | E99: KG | F99: 15.18 | G99: 16.28 | H99: 20.38 | I99: 309.36 | J99: 6.5523776e-05
A100: 4.6.2 | B100: 92724 | C100: SINAPI | D100: CONCRETAGEM DE VIGAS E LAJES, FCK=20 MPA, PARA LAJES PREMOLDADAS COM USO DE BOMBA EM EDIFICAÇÃO COM ÁREA MÉDIA DE LAJES MAIOR QUE 20 M² - LANÇAMENTO, ADENSAMENTO E ACABAMENTO. AF_12/2015 | E100: m³ | F100: 0.82 | G100: 380.46 | H100: 476.41 | I100: 390.65 | J100: 8.2741347e-05
A101: 4.6.3 | B101: 92526 | C101: SINAPI | D101: MONTAGEM E DESMONTAGEM DE FÔRMA DE LAJE MACIÇA, PÉ-DIREITO SIMPLES, EM CHAPA DE MADEIRA COMPENSADA PLASTIFICADA, 10 UTILIZAÇÕES. AF_09/2020 | E101: m² | F101: 8.24 | G101: 21.66 | H101: 27.12 | I101: 223.46 | J101: 4.7329787e-05
A102: 4.7 | D102: ESCADA | I102: 19623.22 | J102: 0.0041562822
...
